 Dungeon Crawl Stone Soup version 0.31-a0-210-gccc998df9b (webtiles) character file.

Game seed: 10765290521549884570

428124 qw the Impregnable (level 23, -1/159 HPs)
             Began as a Gargoyle Fighter on June 29, 2023.
             Was an Elder of Okawaru.
             Slain by a vault guard
             ... wielding a +0 bardiche
              (5 damage)
             ... on level 5 of the Vaults.
             The game lasted 00:32:58 (44421 turns).

qw the Impregnable (Gargoyle Fighter)              Turns: 44421, Time: 00:32:59

Health: -1/159     AC: 67    Str: 42    XL:     23   Next: 85%
Magic:  30/30      EV: 21    Int:  8    God:    Okawaru [****..]
Gold:   1062       SH: 25    Dex: 16    Spells: 22/22 levels left

rFire   + + .        B - +5 war axe (vamp)
rCold   + . .        I - +0 tower shield {AC+3}
rNeg    + . .        b - +8 crystal plate armour of Bright Knowledge {+Blink rC+ Str+3 Dex+3}
rPois   inf          y - +2 hat {Will+}
rElec   +            f - scarf {repulsion}
rCorr   .            p - +1 pair of gloves of the Valley {Str+7}
SInv    .            a - +2 pair of boots {Stlth+}
Will    ++++.        o - amulet of faith Stlth
                     K - ring of Elociaro {rF++ Will+ Dex+4}
HPRegen 0.46/turn    u - +5 ring of evasion
MPRegen 0.22/turn

%: repel missiles, faith
@: about to teleport, heroic, corroded, flying
A: sickness immunity, AC +17, big wings, negative energy resistance 1,
electricity resistance, torment resistance 1, petrification resistance,
iridescent scales 1, strong-willed 1, passive freeze
}: 2/15 runes: decaying, serpentine
a: Renounce Religion, Evoke Blink, Heroism, Finesse


You were on level 5 of the Vaults.
You worshipped Okawaru.
Okawaru was greatly pleased with you.
You visited 8 branches of the dungeon, and saw 40 of its levels.
You also visited: Wizlab.

You collected 4300 gold pieces.
You spent 3238 gold pieces at shops.


Innate Abilities, Weirdness & Mutations

You are immune to sickness and miasma.
Your stone body is resilient. (AC +17)
You are immune to poison.
Your large and strong wings let you fly.
You resist negative energy. (rN+)
You are resistant to electric shocks. (rElec)
You are resistant to unholy torment.
You are immune to petrification.
You are partially covered in iridescent scales. (AC +2)
You are strong-willed. (Will+)
A frigid envelope surrounds you and freezes all who hurt you.


   Skills:
 + Level 20.8(25.8) Fighting
 - Level 16.2(21.2) Axes
 - Level 11.0(16.0) Throwing
 - Level 22.0(27) Armour
 - Level 9.0(14.0) Dodging
 - Level 21.0(26.0) Shields
 - Level 10.0 Invocations


You had 22 spell levels left.
You didn't know any spells.
Your spell library was empty.

Inventory:

Hand Weapons
 c - a +5 heavy broad axe
 B - a +5 vampiric war axe (weapon)
Missiles
 t - 11 javelins
 A - 7 boomerangs
 L - 4 silver javelins (quivered)
 O - 4 boomerangs of dispersal
Armour
 a - a +2 pair of boots of stealth (worn)
 b - the +8 crystal plate armour of Bright Knowledge (worn) {+Blink rC+ Str+3 Dex+3}
   (You acquired it on level 2 of the Dungeon)

   Str:       It affects your strength (+3).
   Dex:       It affects your dexterity (+3).
   rC:        It protects you from cold.
   +Blink:    It lets you blink.
 f - a scarf of repulsion (worn)
 i - the +15 Maxwell's patent armour {-Cast -Tele rElec Will+ rCorr}
   (Okawaru gifted it to you on level 3 of the Swamp)

   rElec:     It insulates you from electricity.
   -Cast:     It prevents spellcasting.
   -Tele:     It prevents most forms of teleportation.
   rCorr:     It protects you from acid and corrosion.
   Will:      It increases your willpower.
 p - the +1 pair of gloves of the Valley (worn) {Str+7}
   (Okawaru gifted it to you on level 1 of the Lair of Beasts)

   Str:       It affects your strength (+7).
 y - a +2 hat of willpower (worn)
 C - a +2 helmet
 I - a +0 tower shield of protection (worn)
 P - a +2 cloak
Jewellery
 o - an amulet of faith (around neck)
 r - a ring of resist corrosion
 u - a +5 ring of evasion (right hand)
 z - an amulet of reflection
 E - a ring of resist corrosion
 F - a ring of protection from fire
 G - a +5 ring of evasion
 H - a ring of ice
 K - the ring of Elociaro (left hand) {rF++ Will+ Dex+4}
   (You bought it in a shop on level 2 of the Orcish Mines)

   [ring of willpower]

   Dex:       It affects your dexterity (+4).
   rF:        It greatly protects you from fire.
   Will:      It increases your willpower.
 M - the ring "Enti" {Fly rC+ Str+5}
   (You bought it in a shop on level 1 of the Depths)

   [ring of flight]

   Str:       It affects your strength (+5).
   rC:        It protects you from cold.
   Fly:       It grants you flight.
Wands
 j - a wand of digging (28)
Scrolls
 n - 17 scrolls of identify
 D - 3 scrolls of enchant armour
 N - a scroll of teleportation
Potions
 d - 19 potions of might
 e - 5 potions of haste
 g - 7 potions of magic
 h - 7 potions of lignification
 k - 10 potions of mutation
 l - 9 potions of heal wounds
 m - 16 potions of curing
 s - 5 potions of attraction
 v - 7 potions of enlightenment
 w - 2 potions of resistance
 J - 3 potions of cancellation

Dungeon Overview and Level Annotations

Branches:
Dungeon (15/15)            Temple (1/1) D:4            Lair (5/5) D:10
  Swamp (4/4) Lair:2        Snake (4/4) Lair:3        Slime (0/5) Lair:5
    Orc (2/2) D:12            Elf (0/3) Orc:2        Vaults (5/5) D:13
  Crypt (0/3) Vaults:3     Depths (4/4) D:15            Zot (0/5) Depths:4
 WizLab (visited)

Altars:
Ashenzari
Cheibriados
Dithmenos
Elyvilon
Fedhas
Gozag
Hepliaklqana
Kikubaaqudgha
Makhleb
Nemelex Xobeh
Okawaru
Qazlal
Ru
Sif Muna
Trog
Uskayaw
Vehumet
Wu Jian
Xom
Yredelemnul
Zin
The Shining One
Jiyva

Shops:
D:8 (   D:9 :   D:15 *   Orc:2 *[[(=   Vaults:2 *   Depths:1 :==   Depths:4 [*

Portals:
Hell: Depths:1 Depths:2 Depths:3 Depths:4
Abyss: Depths:3
Pandemonium: Depths:2
Ziggurat: Depths:4
Trove: Depths:1 (give 11 potions of heal wounds)

Annotations:
D:7 2 runed translucent doors, Crazy Yiuf; qw's ghost, novice MiHs
D:14 2 transporters, qw's ghost, journeyman DEHu
Swamp:2 3 runed translucent doors, reggie's ghost, journeyman DrHW
Vaults:1 exclusion: 2 necromancers
Vaults:2 8 runed translucent doors, qw's ghost, adept GrFi


Message History

You slash the vault guard simulacrum!
You hear a shout! x2
The tengu reaver points at you and mumbles some strange words.
The bolt of poison hits you but does no damage.
You resist.
The bolt of poison hits the vault warden simulacrum.
The vault warden simulacrum completely resists.
A frost giant comes into view.
It is wielding a +3 battleaxe of freezing.
You block the vault guard's attack.
The vault guard hits you but does no damage.
The ettin hits you but does no damage.
The ettin is very cold.
The ettin is heavily wounded.
You block the ettin's attack.
The vault warden hits you from afar with a +0 bardiche!!!
The titan gestures wildly while chanting.
The titan is healed somewhat.
44421 ||| READING 2 scrolls of teleportation.
As you read the scroll of teleportation, it crumbles to dust.
You feel strangely unstable.
The titan seems less brilliant.
The titan is empowered by the deep elf high priest's aura!
The deep elf high priest utters a dark prayer and points at you.
Your life force is offered up.
The titan is healed.
The ettin is healed.
The tengu reaver is healed.
The vault warden simulacrum is healed.
The vault guard simulacrum is healed. x2; The vault guard is healed. x2
The yaktaur is healed.
The deep elf high priest is healed.
You block the vault guard simulacrum's attack.
The yaktaur hits you but does no damage.
The yaktaur is very cold.
The yaktaur is lightly wounded.
The vault warden simulacrum hits you but does no damage.
The vault warden simulacrum completely resists.
The tengu reaver casts a spell at you.
The bolt of poison hits you but does no damage.
You resist.
The bolt of poison hits the vault warden simulacrum.
The vault warden simulacrum completely resists.
You block the vault guard's attack.
The vault guard hits you from afar with a +0 bardiche.
You die...

... #....# #..
#....# . #..
#....# ..
###.Z#....# ...
....{#....#....
...XCepp¤....C.
####ZpQpe...###
....ZDC@CC.....
.....pcZZ<.....
.....Z.ZW......
...............
####........###
...........
...#....#.###
....#....#+#


You could see a tentacled monstrosity, 2 titans, a storm dragon (strong), a
frost giant (empowered), a stone giant, a vault warden (strong, empowered), a
tengu reaver (soul bound, strong, empowered), 3 vault guards, an ettin, 2 deep
elf high priests, a phantasmal warrior, an ironbound convoker (strong,
empowered), a yaktaur, a hell knight simulacrum, 5 vault guard simulacra and a
vault warden simulacrum.

Vanquished Creatures
  Sojobo (Vaults:2)
  Saint Roka (Snake:4)
  Frederick (Vaults:2)
  3 caustic shrikes (Depths:3)
  2 golden dragons
  A walking crystal tome (Depths:2)
  Jorgrun (Swamp:2)
  2 walking earthen tomes (Depths:3)
  A titan (Vaults:4)
  3 tentacled monstrosities (Depths:3)
  3 deep elf master archers (WizLab)
  2 quicksilver dragons (Snake:4)
  2 sphinxes
  Gastronok (Orc:1)
  4 tengu reavers
  A thorn hunter (WizLab)
  3 storm dragons
  Roxanne (Swamp:3)
  A revenant (Vaults:3)
  4 fenstrider witches
  6 nagarajas
  10 fire giants
  3 shadow dragons
  7 frost giants
  3 iron dragons
  Aizul (Swamp:2)
  A draconian stormcaller (Depths:4)
  9 vault wardens
  A draconian shifter (Depths:4)
  3 orc warlords
  A spriggan defender (Depths:4)
  A formless jellyfish (Vaults:1)
  6 very ugly things
  16 ironbound preservers
  A war gargoyle (Vaults:4)
  2 green draconians (Depths:4)
  6 eleionomae
  12 ironbound thunderhulks
  A draconian annihilator (Depths:4)
  8 stone giants
  2 vampire knights (Depths:3)
  8 dire elephants (Vaults:1)
  2 yellow draconians (Depths:4)
  5 bunyips
  A white draconian (Depths:4)
  Snorg (Lair:5)
  A red draconian (Depths:4)
  13 spark wasps
  A merfolk javelineer (Depths:2)
  3 crystal guardians (Vaults:4)
  An ettin (shapeshifter) (Depths:3)
  7 fire dragons
  8 ettins
  4 entropy weavers
  A deep elf death mage (Vaults:5)
  6 shambling mangroves
  4 great orbs of eyes
  4 jiangshi
  A deep elf high priest (Vaults:4)
  6 yaktaur captains
  13 ice dragons
  26 hydras
  5 spriggan air magi
  Fannar (Lair:3)
  2 catoblepae
  23 vault guards
  2 peacekeepers (Vaults:4)
  6 salamander tyrants (Snake:4)
  9 rakshasas
  An ogre mage (Vaults:5)
  9 ironbound frosthearts
  9 anacondas
  14 centaur warriors
  7 boulder beetles
  A ghost crab (Swamp:1)
  7 two-headed ogres
  2 death knights
  3 satyrs (WizLab)
  10 alligators
  2 deep troll shamans
  10 naga warriors
  2 vampire magi
  4 tengu warriors
  6 death yaks (Lair:5)
  4 deep troll earth magi
  10 spriggan berserkers
  10 naga sharpshooters
  3 shock serpents
  Urug (Lair:5)
  6 hell knights
  2 orc high priests (Orc:1)
  Amaemon (D:8)
  5 salamander mystics
  5 skeletal warriors (D:14)
  13 spriggans
  3 glowing orange brains
  A flayed ghost (Depths:3)
  3 skysharks
  An iron troll (Depths:4)
  5 naga ritualists
  4 goliath frogs
  2 sea snakes (Snake:3)
  37 deep trolls
  6 wizards
  5 bog bodies
  7 ironbound convokers
  5 spriggan druids
  5 orc knights
  11 swamp dragons
  2 deep elf archers (WizLab)
  An obsidian statue (Vaults:2)
  3 deep elf pyromancers
  2 phantasmal warriors
  10 harpies
  4 necromancers
  2 wolf spider zombies (D:14)
  15 lindwurms
  2 deep elf zephyrmancers (Vaults:4)
  6 mana vipers
  25 ugly things
  2 oklob plants
  3 fauns (WizLab)
  16 salamanders
  5 orc sorcerers
  4 will-o-the-wisps
  A moth of wrath (shapeshifter) (D:13)
  6 cyclopes
  Joseph (D:7)
  18 elephants
  4 manticores
  13 vault sentinels
  4 guardian serpents
  5 centaur zombies (D:14)
  43 black mambas
  An orange demon (D:8)
  8 naga magi
  3 gargoyles
  3 unseen horrors
  11 cane toads
  Psyche (D:9)
  Maggie (D:6)
  2 rime drakes (Swamp:4)
  2 kobold demonologists
  2 efreet
  2 tengu conjurers (Depths:1)
  13 komodo dragons
  2 freezing wraiths
  24 yaktaurs
  7 trolls
  5 polar bears
  2 bloated husks (Swamp:2)
  23 hornets
  2 tarantellas
  14 dream sheep
  12 tyrant leeches
  28 blink frogs
  A fire giant simulacrum (Depths:2)
  A culicivora (Vaults:3)
  5 shadows
  A centaur simulacrum (D:14)
  6 water elementals
  3 vampires
  5 wyverns
  A fire elemental (D:15)
  Sigmund (D:6)
  29 yaks
  8 wraiths
  42 slime creatures
  A steam dragon (D:8)
  A golden eye (shapeshifter) (D:14)
  3 basilisks
  2 redbacks
  A human zombie (Depths:2)
  13 vampire mosquitoes
  36 nagas
  5 acid dragons
  11 swamp worms
  2 glowing shapeshifter zombies
  6 wargs
  10 water moccasins
  5 swamp drakes
  Pargi (D:3)
  39 orc warriors
  An ice beast (D:7)
  10 ogres
  A sky beast (D:7)
  3 black bears
  6 wolves (Lair:5)
  8 centaurs
  A phantom (D:6)
  9 kobold brigands
  13 bullfrogs
  3 gnoll sergeants
  5 scorpions
  22 wights
  A killer bee (D:11)
  3 electric eels
  3 howler monkeys
  16 jellies
  A hound (D:4)
  21 orc priests
  2 gnoll boudas
  A sleepcap (D:6)
  3 iguanas
  26 orc wizards
  21 gnolls
  7 adders
  2 ufetubi
  3 worms
  2 dart slugs (D:2)
  83 orcs
  7 endoplasms
  4 giant cockroaches
  7 hobgoblins
  11 jackals
  7 quokkas
  9 ball pythons
  6 bats
  4 frilled lizards
  7 goblins
  11 kobolds
  8 rats
1506 creatures vanquished.

Vanquished Creatures (others)
  An eleionoma (Swamp:2)
  A rime drake (Swamp:4)
  2 bloated husks
  A vampire mosquito (Swamp:1)
  A kobold brigand (D:11)
  16 foxfires (Swamp:2)
22 creatures vanquished.

Grand Total: 1528 creatures vanquished

Notes
Turn   | Place    | Note
-------+----------+-------------------------------------------
     0 | D:1      | qw the Gargoyle Fighter began the quest for the Orb.
     0 | D:1      | Reached XP level 1. HP: 14/14 MP: 1/1
     0 | D:1      | 0 ||| qw: Version: 0.3-a-24-ga2abf7b
     0 | D:1      | 0 ||| qw: Game counter: 6898
     0 | D:1      | 0 ||| qw: Melee chars always use a shield: true
     0 | D:1      | 0 ||| qw: God list: Okawaru
     0 | D:1      | 0 ||| qw: Allow faded altars: false
     0 | D:1      | 0 ||| qw: Do Orc after clearing Dungeon:15 true
     0 | D:1      | 0 ||| qw: Do second Lair branch before Depths: true
     0 | D:1      | 0 ||| qw: Lair rune preference: random
     0 | D:1      | 0 ||| qw: Goals: Normal, Zot:1-4, Slime:5, God:TSO, Crypt,
                  | Tomb, Abyss, Pan, Hells, Win
     0 | D:1      | 0 ||| PLANNING D:1-11
   202 | D:1      | Reached XP level 2. HP: 16/19 MP: 2/2
   511 | D:1      | 511 ||| DROPPING +0 club.
   555 | D:1      | Reached skill level 3 in Axes
   592 | D:1      | Reached XP level 3. HP: 23/23 MP: 3/3
   970 | D:1      | 970 ||| UPGRADING to amulet of guardian spirit.
   975 | D:1      | 975 ||| DROPPING ring of wizardry.
   976 | D:1      | 976 ||| READING scroll labelled ACRIETHYWI.
   977 | D:1      | 977 ||| DRINKING 2 fizzy orange potions.
  1116 | D:2      | Found a faded altar of an unknown god.
  1281 | D:2      | 1281 ||| Stepping ~*~*~tactically~*~*~ (stealth).
  1285 | D:2      | 1285 ||| Stepping ~*~*~tactically~*~*~ (hiding).
  1290 | D:2      | Reached XP level 4. HP: 28/28 MP: 4/4
  1613 | D:2      | 1613 ||| Stepping ~*~*~tactically~*~*~ (hiding).
  1982 | D:2      | 1982 ||| DROPPING orb of light.
  1983 | D:2      | 1983 ||| UPGRADING to +0 plate armour.
  1993 | D:2      | 1993 ||| DROPPING +0 scale mail.
  1994 | D:2      | 1994 ||| READING scroll labelled VOITAK DUFFAIL.
  1994 | D:2      | Identified a scroll of acquirement
  1994 | D:2      | 1994 ||| ACQUIRING +8 crystal plate armour of Bright
                  | Knowledge {+Blink rC+ Str+3 Dex+3}
  1994 | D:2      | Acquired the +8 crystal plate armour of Bright Knowledge
                  | {+Blink rC+ Str+3 Dex+3}
  1996 | D:2      | 1996 ||| UPGRADING to +8 crystal plate armour of Bright
                  | Knowledge {+Blink rC+ Str+3 Dex+3}.
  2006 | D:2      | 2006 ||| DROPPING +0 plate armour.
  2007 | D:2      | 2007 ||| READING scroll labelled SOLUONERYC.
  2008 | D:2      | 2008 ||| READING scroll labelled LUNUKEA XOUHUC.
  2009 | D:2      | 2009 ||| DRINKING 2 viscous blue potions.
  2221 | D:3      | Noticed Pargi
  2232 | D:3      | Killed Pargi
  2233 | D:3      | Reached XP level 5. HP: 28/32 MP: 2/5
  2367 | D:3      | 2367 ||| Stepping ~*~*~tactically~*~*~ (hiding).
  2368 | D:3      | 2368 ||| Stepping ~*~*~tactically~*~*~ (hiding).
  2648 | D:3      | 2648 ||| Stepping ~*~*~tactically~*~*~ (stealth).
  2677 | D:3      | 2677 ||| Stepping ~*~*~tactically~*~*~ (stealth).
  2678 | D:3      | 2678 ||| Stepping ~*~*~tactically~*~*~ (stealth).
  2944 | D:3      | 2944 ||| Stepping ~*~*~tactically~*~*~ (stealth).
  2945 | D:3      | 2945 ||| Stepping ~*~*~tactically~*~*~ (stealth).
  3158 | D:3      | 3158 ||| UPGRADING to scarf of repulsion.
  3163 | D:3      | 3163 ||| UPGRADING to ring of positive energy.
  3164 | D:3      | 3164 ||| READING scroll labelled SARIMM EQUR.
  3165 | D:3      | 3165 ||| DRINKING 2 amethyst potions.
  3166 | D:3      | 3166 ||| DROPPING potion of degeneration.
  3280 | D:4      | Reached XP level 6. HP: 37/37 MP: 6/6
  3286 | D:4      | Found a staircase to the Ecumenical Temple.
  3287 | D:4      | 3287 ||| PLANNING TEMPLE
  3295 | Temple   | Entered the Ecumenical Temple
  3297 | Temple   | 3297 ||| PLANNING OKAWARU WORSHIP
  3385 | Temple   | Became a worshipper of Warmaster Okawaru
  3386 | Temple   | 3386 ||| PLANNING D:1-11
  3386 | Temple   | 3386 ||| REMOVING amulet of guardian spirit.
  3404 | D:4      | 3404 ||| Stepping ~*~*~tactically~*~*~ (stealth).
  3405 | D:4      | 3405 ||| Stepping ~*~*~tactically~*~*~ (stealth).
  3406 | D:4      | 3406 ||| Stepping ~*~*~tactically~*~*~ (stealth).
  3407 | D:4      | 3407 ||| Stepping ~*~*~tactically~*~*~ (stealth).
  3414 | D:4      | Reached skill level 4 in Armour
  3427 | D:4      | 3427 ||| DROPPING +0 mace.
  3513 | D:4      | 3513 ||| Stepping ~*~*~tactically~*~*~ (stealth).
  3550 | D:4      | Found a glowing golden altar of the Shining One.
  3593 | D:4      | 3593 ||| Stepping ~*~*~tactically~*~*~ (stealth).
  3702 | D:4      | 3702 ||| Stepping ~*~*~tactically~*~*~ (stealth).
  3703 | D:4      | 3703 ||| Stepping ~*~*~tactically~*~*~ (stealth).
  3761 | D:4      | 3761 ||| Stepping ~*~*~tactically~*~*~ (stealth).
  3785 | D:4      | 3785 ||| Stepping ~*~*~tactically~*~*~ (stealth).
  3805 | D:4      | Reached * piety under Okawaru
  3806 | D:4      | Reached XP level 7. HP: 43/43 MP: 7/7
  3811 | D:4      | 3811 ||| INVOKING Heroism.
  3822 | D:4      | Reached skill level 6 in Axes
  3965 | D:4      | 3965 ||| Stepping ~*~*~tactically~*~*~ (hiding).
  4133 | D:4      | 4133 ||| Stepping ~*~*~tactically~*~*~ (stealth).
  4361 | D:4      | 4361 ||| READING scroll labelled XYBBYR UNTODE.
  4362 | D:4      | 4362 ||| DRINKING 2 ruby potions.
  4466 | D:4      | 4466 ||| DRINKING 2 black potions.
  4467 | D:4      | 4467 ||| DROPPING potion of berserk rage.
  4495 | D:5      | Entered Level 5 of the Dungeon
  4548 | D:5      | Reached skill level 5 in Armour
  4604 | D:5      | 4604 ||| INVOKING Heroism.
  4611 | D:5      | Reached skill level 1 in Dodging
  4611 | D:5      | Reached skill level 1 in Invocations
  4633 | D:5      | Found a hazy altar of Hepliaklqana.
  4715 | D:5      | 4715 ||| SWAPPING to +2 heavy war axe.
  4716 | D:5      | 4716 ||| DROPPING +0 war axe.
  4725 | D:5      | Found a shadowy altar of Dithmenos.
  4841 | D:5      | 4841 ||| Stepping ~*~*~tactically~*~*~ (stealth).
  5290 | D:5      | Reached skill level 1 in Throwing
  5290 | D:5      | Reached skill level 3 in Invocations
  5384 | D:5      | 5384 ||| Stepping ~*~*~tactically~*~*~ (hiding).
  5388 | D:5      | 5388 ||| INVOKING Heroism.
  5391 | D:5      | Reached XP level 8. HP: 48/48 MP: 7/10
  5415 | D:5      | 5415 ||| UPGRADING to +0 pair of gloves.
  5420 | D:5      | 5420 ||| READING scroll labelled TAWKIESUCW.
  5423 | D:5      | 5423 ||| DRINKING 2 murky pink potions.
  5424 | D:5      | 5424 ||| DROPPING potion of brilliance.
  5658 | D:6      | Noticed Maggie
  5659 | D:6      | 5659 ||| Stepping ~*~*~tactically~*~*~ (hiding).
  5660 | D:6      | 5660 ||| Stepping ~*~*~tactically~*~*~ (hiding).
  5669 | D:6      | 5669 ||| INVOKING Heroism.
  5670 | D:6      | Noticed Sigmund
  5674 | D:6      | Killed Maggie
  5682 | D:6      | HP: 12/48 [something (5)]
  5687 | D:6      | HP: 12/48 [something/magic dart (3)]
  5696 | D:6      | 5696 ||| FLEEEEING.
  5697 | D:6      | 5697 ||| FLEEEEING.
  5698 | D:6      | 5698 ||| FLEEEEING.
  5699 | D:6      | 5699 ||| FLEEEEING.
  5706 | D:6      | 5706 ||| FLEEEEING.
  5707 | D:6      | 5707 ||| INVOKING Heroism.
  5709 | D:6      | Killed Sigmund
  5709 | D:6      | Reached ** piety under Okawaru
  5884 | D:6      | Reached XP level 9. HP: 55/55 MP: 12/12
  5888 | D:6      | Reached skill level 6 in Armour
  6048 | D:6      | 6048 ||| Stepping ~*~*~tactically~*~*~ (stealth).
  6057 | D:6      | 6057 ||| Stepping ~*~*~tactically~*~*~ (hiding).
  6058 | D:6      | 6058 ||| Stepping ~*~*~tactically~*~*~ (hiding).
  6066 | D:6      | Reached skill level 6 in Fighting
  6141 | D:6      | Found a snail-covered altar of Cheibriados.
  6144 | D:6      | Found a shimmering blue altar of Sif Muna.
  6284 | D:6      | 6284 ||| DROPPING orb of energy.
  6285 | D:6      | 6285 ||| UPGRADING to amulet of faith.
  6290 | D:6      | 6290 ||| UPGRADING to +4 ring of protection.
  6291 | D:6      | 6291 ||| READING scroll labelled XAUPHU OSUOSO.
  6292 | D:6      | 6292 ||| READING scroll labelled KOPIDE SAF.
  6381 | D:7      | 6381 ||| INVOKING Heroism.
  6429 | D:7      | Reached skill level 7 in Armour
  6464 | D:7      | 6464 ||| Stepping ~*~*~tactically~*~*~ (stealth).
  6478 | D:7      | 6478 ||| INVOKING Heroism.
  6577 | D:7      | 6577 ||| INVOKING Heroism.
  6652 | D:7      | Noticed Joseph
  6663 | D:7      | 6663 ||| INVOKING Heroism.
  6672 | D:7      | Killed Joseph
  6672 | D:7      | Reached *** piety under Okawaru
  6673 | D:7      | Reached skill level 9 in Axes
  6854 | D:7      | 6854 ||| INVOKING Heroism.
  6879 | D:7      | Found an opulent altar of Gozag.
  6881 | D:7      | Found a shimmering altar of Xom.
  7024 | D:7      | Noticed qw's ghost (novice MiHs)
  7037 | D:7      | Found a runed translucent door.
  7165 | D:7      | Found a runed translucent door.
  7166 | D:7      | Noticed Crazy Yiuf
  7227 | D:7      | 7227 ||| READING 2 scrolls of identify.
  7227 | D:7      | 7227 ||| IDENTIFYING green potion
  7228 | D:7      | 7228 ||| DROPPING potion of ambrosia.
  7270 | D:8      | Reached XP level 10. HP: 61/61 MP: 13/13
  7271 | D:8      | Noticed Amaemon
  7271 | D:8      | Noticed an orange demon
  7272 | D:8      | 7272 ||| INVOKING Heroism.
  7284 | D:8      | Killed Amaemon
  7284 | D:8      | Reached **** piety under Okawaru
  7285 | D:8      | Reached skill level 8 in Armour
  7291 | D:8      | 7291 ||| INVOKING Heroism.
  7294 | D:8      | Killed an orange demon
  7298 | D:8      | 7298 ||| DRINKING 4 potions of curing.
  7298 | D:8      | 7298 ||| (to cure confusion)
  7335 | D:8      | 7335 ||| FLEEEEING.
  7337 | D:8      | 7337 ||| STAIRDANCE
  7486 | D:8      | 7486 ||| Stepping ~*~*~tactically~*~*~ (stealth).
  7487 | D:8      | 7487 ||| Stepping ~*~*~tactically~*~*~ (stealth).
  7488 | D:8      | 7488 ||| Stepping ~*~*~tactically~*~*~ (stealth).
  7504 | D:8      | 7504 ||| FLEEEEING.
  7505 | D:8      | 7505 ||| STAIRDANCE
  7632 | D:8      | 7632 ||| Stepping ~*~*~tactically~*~*~ (hiding).
  7748 | D:8      | Identified the +5 sling of the Teaching Gods {antimagic,
                  | Will+ Str+4}
  7830 | D:8      | 7830 ||| INVOKING Heroism.
  7907 | D:8      | 7907 ||| Stepping ~*~*~tactically~*~*~ (hiding).
  7910 | D:8      | 7910 ||| INVOKING Heroism.
  7912 | D:8      | 7912 ||| Stepping ~*~*~tactically~*~*~ (stealth).
  7921 | D:8      | Reached skill level 6 in Invocations
  7921 | D:8      | 7921 ||| Stepping ~*~*~tactically~*~*~ (hiding).
  7929 | D:8      | 7929 ||| Stepping ~*~*~tactically~*~*~ (cloud).
  8033 | D:8      | 8033 ||| DROPPING +0 flail.
  8051 | D:8      | Found Pyryasoo's Antique Weapon Shop.
  8058 | D:8      | 8058 ||| BUYING runed war axe (149 gold).
  8058 | D:8      | Bought a runed war axe for 149 gold pieces
  8058 | D:8      | 8058 ||| BUYING steaming war axe (195 gold).
  8058 | D:8      | Bought a steaming war axe for 195 gold pieces
  8058 | D:8      | Identified the +3 war axe of Ulaph {flame, rF- Str+6} (You
                  | bought it in a shop on level 8 of the Dungeon)
  8058 | D:8      | 8058 ||| SWAPPING to +3 war axe of Ulaph {flame, rF-
                  | Str+6}.
  8059 | D:8      | 8059 ||| DROPPING -2 demon whip of venom.
  8060 | D:8      | 8060 ||| DROPPING +0 morningstar.
  8061 | D:8      | 8061 ||| DROPPING +3 war axe.
  8070 | D:8      | Found a radiant altar of Vehumet.
  8252 | D:8      | 8252 ||| UPGRADING to +2 pair of gloves.
  8262 | D:8      | 8262 ||| DROPPING +0 pair of gloves.
  8263 | D:8      | 8263 ||| READING scroll labelled UNUC ETAONE.
  8264 | D:8      | 8264 ||| DRINKING 2 fizzy silvery potions.
  8264 | D:8      | Gained mutation: You are partially covered in iridescent
                  | scales. (AC +2) [potion of mutation]
  8264 | D:8      | Gained mutation: You are strong-willed. (Will+) [potion of
                  | mutation]
  8265 | D:8      | 8265 ||| READING 2 scrolls of identify.
  8265 | D:8      | 8265 ||| IDENTIFYING bubbling ruby potion
  8291 | D:9      | You fall into a shaft and drop 3 floors!
  8341 | D:12     | 8341 ||| Stepping ~*~*~tactically~*~*~ (hiding).
  8345 | D:12     | 8345 ||| INVOKING Heroism.
  8352 | D:12     | 8352 ||| Stepping ~*~*~tactically~*~*~ (stealth).
  8368 | D:12     | Noticed a manticore
  8369 | D:12     | 8369 ||| INVOKING Heroism.
  8373 | D:12     | Received a gift from Okawaru
  8379 | D:12     | Killed an unseen horror
  8380 | D:12     | Reached XP level 11. HP: 68/68 MP: 14/16
  8387 | D:12     | Killed a manticore
  8396 | D:12     | 8396 ||| READING scroll labelled FANGOA BOASANT.
  8397 | D:12     | 8397 ||| READING 2 scrolls of identify.
  8397 | D:12     | 8397 ||| IDENTIFYING orange potion
  8407 | D:11     | 8407 ||| INVOKING Heroism.
  8412 | D:11     | Noticed a two-headed ogre
  8418 | D:11     | Killed a two-headed ogre
  8451 | D:10     | Entered Level 10 of the Dungeon
  8475 | D:10     | Reached skill level 3 in Throwing
  8618 | D:9      | Found Beowoav's Book Boutique.
  8623 | D:9      | Noticed Psyche
  8624 | D:9      | 8624 ||| INVOKING Heroism.
  8628 | D:9      | Killed Psyche
  8777 | D:9      | 8777 ||| Stepping ~*~*~tactically~*~*~ (hiding).
  8779 | D:9      | 8779 ||| INVOKING Heroism.
  8868 | D:9      | 8868 ||| INVOKING Heroism.
  8912 | D:9      | 8912 ||| INVOKING Heroism.
  8922 | D:9      | 8922 ||| Stepping ~*~*~tactically~*~*~ (stealth).
  8977 | D:9      | 8977 ||| Stepping ~*~*~tactically~*~*~ (hiding).
  8981 | D:9      | 8981 ||| Stepping ~*~*~tactically~*~*~ (hiding).
  9036 | D:9      | 9036 ||| Stepping ~*~*~tactically~*~*~ (stealth).
  9044 | D:9      | Received a gift from Okawaru
  9044 | D:9      | Reached ***** piety under Okawaru
  9045 | D:9      | Reached skill level 9 in Invocations
  9048 | D:9      | Reached skill level 9 in Armour
  9280 | D:9      | 9280 ||| READING scroll labelled SUYWATHR HODAHI.
  9319 | D:10     | 9319 ||| Stepping randomly (disturbance).
  9349 | D:10     | 9349 ||| Stepping ~*~*~tactically~*~*~ (hiding).
  9365 | D:10     | 9365 ||| FLEEEEING.
  9367 | D:10     | 9367 ||| FLEEEEING.
  9413 | D:10     | 9413 ||| Stepping ~*~*~tactically~*~*~ (stealth).
  9419 | D:10     | Received a gift from Okawaru
  9464 | D:10     | 9464 ||| Stepping ~*~*~tactically~*~*~ (stealth).
  9465 | D:10     | 9465 ||| Stepping ~*~*~tactically~*~*~ (stealth).
  9695 | D:10     | Received a gift from Okawaru
  9700 | D:10     | 9700 ||| SWAPPING to +2 broad axe of freezing.
  9701 | D:10     | 9701 ||| DROPPING +2 heavy war axe.
  9702 | D:10     | 9702 ||| DROPPING +5 war axe.
  9777 | D:10     | Reached XP level 12. HP: 73/74 MP: 19/19
  9782 | D:10     | 9782 ||| Stepping ~*~*~tactically~*~*~ (hiding).
  9784 | D:10     | 9784 ||| Stepping ~*~*~tactically~*~*~ (hiding).
  9806 | D:10     | Noticed a three-headed hydra
  9807 | D:10     | 9807 ||| INVOKING Heroism.
  9808 | D:10     | 9808 ||| SWAPPING to +3 war axe of Ulaph {flame, rF-
                  | Str+6}.
  9811 | D:10     | Killed a one-headed hydra
  9812 | D:10     | Reached skill level 9 in Fighting
  9812 | D:10     | 9812 ||| SWAPPING to +2 broad axe of freezing.
  9954 | D:10     | 9954 ||| INVOKING Heroism.
 10077 | D:10     | Found a staircase to the Lair.
 10255 | D:10     | Reached skill level 10 in Armour
 10375 | D:10     | Noticed a two-headed ogre
 10387 | D:10     | Killed a two-headed ogre
 10424 | D:10     | 10424 ||| Stepping ~*~*~tactically~*~*~ (hiding).
 10425 | D:10     | 10425 ||| Stepping ~*~*~tactically~*~*~ (hiding).
 10577 | D:10     | 10577 ||| PLANNING LAIR
 10577 | D:10     | 10577 ||| DROPPING orb of energy.
 10578 | D:10     | 10578 ||| UPGRADING to +0 helmet.
 10583 | D:10     | 10583 ||| UPGRADING to ring of protection from fire.
 10585 | D:10     | 10585 ||| READING 3 scrolls of identify.
 10585 | D:10     | 10585 ||| IDENTIFYING metallic ruby potion
 10586 | D:10     | 10586 ||| READING 2 scrolls of identify.
 10586 | D:10     | 10586 ||| IDENTIFYING smoky dark potion
 10702 | Lair:1   | Entered Level 1 of the Lair of Beasts
 10703 | Lair:1   | 10703 ||| INVOKING Heroism.
 10713 | Lair:1   | Identified the +1 pair of gloves of the Valley {Str+7}
                  | (Okawaru gifted it to you on level 1 of the Lair of Beasts)
 10713 | Lair:1   | Received a gift from Okawaru
 11113 | Lair:1   | 11113 ||| Stepping ~*~*~tactically~*~*~ (stealth).
 11118 | Lair:1   | 11118 ||| Stepping ~*~*~tactically~*~*~ (stealth).
 11119 | Lair:1   | 11119 ||| Stepping ~*~*~tactically~*~*~ (stealth).
 11120 | Lair:1   | 11120 ||| Stepping ~*~*~tactically~*~*~ (stealth).
 11130 | Lair:1   | Reached skill level 12 in Axes
 11135 | Lair:1   | 11135 ||| INVOKING Heroism.
 11499 | Lair:1   | 11499 ||| INVOKING Heroism.
 11502 | Lair:1   | Reached skill level 6 in Shields
 11725 | Lair:1   | 11725 ||| UPGRADING to +1 pair of gloves of the Valley
                  | {Str+7}.
 11735 | Lair:1   | 11735 ||| DROPPING +2 pair of gloves.
 11736 | Lair:1   | 11736 ||| READING scroll labelled FUTHUX ZEANKU.
 11737 | Lair:1   | 11737 ||| READING 2 scrolls of identify.
 11737 | Lair:1   | 11737 ||| IDENTIFYING fuming orange potion
 11898 | Lair:2   | Noticed a skyshark
 11906 | Lair:2   | Killed a skyshark
 11958 | Lair:2   | 11958 ||| INVOKING Heroism.
 11994 | Lair:2   | Found a staircase to the Swamp.
 11996 | Lair:2   | 11996 ||| Stepping ~*~*~tactically~*~*~ (water).
 12020 | Lair:2   | 12020 ||| INVOKING Heroism.
 12185 | Lair:2   | 12185 ||| Stepping ~*~*~tactically~*~*~ (stealth).
 12207 | Lair:2   | 12207 ||| Stepping ~*~*~tactically~*~*~ (stealth).
 12209 | Lair:2   | 12209 ||| Stepping ~*~*~tactically~*~*~ (stealth).
 12210 | Lair:2   | 12210 ||| Stepping ~*~*~tactically~*~*~ (stealth).
 12219 | Lair:2   | Reached XP level 13. HP: 82/82 MP: 20/20
 12233 | Lair:2   | 12233 ||| INVOKING Heroism.
 12268 | Lair:2   | Reached skill level 11 in Armour
 12472 | Lair:2   | 12472 ||| Stepping ~*~*~tactically~*~*~ (stealth).
 12474 | Lair:2   | 12474 ||| Stepping ~*~*~tactically~*~*~ (stealth).
 12475 | Lair:2   | 12475 ||| Stepping ~*~*~tactically~*~*~ (stealth).
 12479 | Lair:2   | Received a gift from Okawaru
 12487 | Lair:2   | 12487 ||| INVOKING Heroism.
 12488 | Lair:2   | 12488 ||| SWAPPING to +3 war axe of Ulaph {flame, rF-
                  | Str+6}.
 12495 | Lair:2   | 12495 ||| SWAPPING to +3 broad axe of freezing.
 12514 | Lair:2   | 12514 ||| INVOKING Heroism.
 12515 | Lair:2   | 12515 ||| SWAPPING to +3 war axe of Ulaph {flame, rF-
                  | Str+6}.
 12520 | Lair:2   | Reached skill level 3 in Dodging
 12520 | Lair:2   | 12520 ||| SWAPPING to +3 broad axe of freezing.
 12693 | Lair:2   | 12693 ||| INVOKING Heroism.
 12988 | Lair:2   | 12988 ||| DROPPING ring of fire.
 12989 | Lair:2   | 12989 ||| READING scroll labelled TAONA FEFREYGI.
 12990 | Lair:2   | 12990 ||| READING scroll labelled ITIXORYFRIGU.
 13043 | Lair:3   | 13043 ||| INVOKING Heroism.
 13170 | Lair:3   | 13170 ||| INVOKING Heroism.
 13214 | Lair:3   | Found a staircase to the Snake Pit.
 13223 | Lair:3   | Identified the +7 trident of Pride {elec, rPois rCorr
                  | Str+6}
 13295 | Lair:3   | 13295 ||| INVOKING Heroism.
 13416 | Lair:3   | 13416 ||| READING scroll of enchant armour.
 13416 | Lair:3   | 13416 ||| ENCHANTING +0 helmet.
 13443 | Lair:3   | 13443 ||| INVOKING Heroism.
 13520 | Lair:3   | Noticed Fannar
 13534 | Lair:3   | 13534 ||| INVOKING Heroism.
 13543 | Lair:3   | 13543 ||| FLEEEEING.
 13544 | Lair:3   | 13544 ||| FLEEEEING.
 13546 | Lair:3   | HP: 20/82 [Fannar/staff of cold (7)]
 13547 | Lair:3   | 13547 ||| READING 3 scrolls of teleportation.
 13548 | Lair:3   | 13548 ||| DRINKING 4 potions of heal wounds.
 13748 | Lair:3   | 13748 ||| INVOKING Heroism.
 13749 | Lair:3   | 13749 ||| INVOKING Finesse.
 13998 | Lair:3   | Received a gift from Okawaru
 14034 | Lair:3   | 14034 ||| DROPPING +1 heavy broad axe.
 14142 | Lair:3   | 14142 ||| DROPPING amulet of guardian spirit.
 14143 | Lair:3   | 14143 ||| READING scroll labelled JAEGYK RAAMIO.
 14237 | Lair:4   | 14237 ||| Stepping ~*~*~tactically~*~*~ (stealth).
 14360 | Lair:4   | 14360 ||| Stepping ~*~*~tactically~*~*~ (stealth).
 14361 | Lair:4   | 14361 ||| Stepping ~*~*~tactically~*~*~ (stealth).
 14374 | Lair:4   | 14374 ||| Stepping ~*~*~tactically~*~*~ (stealth).
 14392 | Lair:4   | 14392 ||| Stepping ~*~*~tactically~*~*~ (stealth).
 14393 | Lair:4   | 14393 ||| Stepping ~*~*~tactically~*~*~ (stealth).
 14515 | Lair:4   | Reached skill level 12 in Armour
 14703 | Lair:4   | 14703 ||| Stepping ~*~*~tactically~*~*~ (hiding).
 14704 | Lair:4   | 14704 ||| Stepping ~*~*~tactically~*~*~ (hiding).
 14706 | Lair:4   | 14706 ||| Stepping ~*~*~tactically~*~*~ (hiding).
 14717 | Lair:4   | 14717 ||| Stepping ~*~*~tactically~*~*~ (stealth).
 14718 | Lair:4   | 14718 ||| Stepping ~*~*~tactically~*~*~ (stealth).
 14721 | Lair:4   | 14721 ||| INVOKING Heroism.
 14722 | Lair:4   | 14722 ||| INVOKING Finesse.
 14726 | Lair:4   | 14726 ||| SWAPPING to +3 war axe of Ulaph {flame, rF-
                  | Str+6}.
 14730 | Lair:4   | 14730 ||| SWAPPING to +3 broad axe of freezing.
 14751 | Lair:4   | 14751 ||| Stepping ~*~*~tactically~*~*~ (stealth).
 14752 | Lair:4   | 14752 ||| Stepping ~*~*~tactically~*~*~ (stealth).
 14865 | Lair:4   | 14865 ||| Stepping ~*~*~tactically~*~*~ (stealth).
 14936 | Lair:4   | 14936 ||| INVOKING Heroism.
 14942 | Lair:4   | Received a gift from Okawaru
 15070 | Lair:4   | 15070 ||| UPGRADING to +2 pair of boots of stealth.
 15091 | Lair:5   | Entered Level 5 of the Lair of Beasts
 15092 | Lair:5   | 15092 ||| PLANNING GAUNTLET
 15092 | Lair:5   | 15092 ||| INVOKING Heroism.
 15093 | Lair:5   | Noticed Urug
 15094 | Lair:5   | 15094 ||| INVOKING Finesse.
 15099 | Lair:5   | Gained mutation: Your large and strong wings let you fly.
                  | [Gargoyle growth]
 15099 | Lair:5   | Reached XP level 14. HP: 88/88 MP: 13/21
 15120 | Lair:5   | Killed Urug
 15140 | Lair:5   | 15140 ||| FLEEEEING.
 15141 | Lair:5   | 15141 ||| FLEEEEING.
 15142 | Lair:5   | 15142 ||| STAIRDANCE
 15245 | Lair:5   | Found a staircase to the Slime Pits.
 15246 | Lair:5   | Found a viscous altar of Jiyva.
 15249 | Lair:5   | 15249 ||| Stepping ~*~*~tactically~*~*~ (stealth).
 15282 | Lair:5   | 15282 ||| FLEEEEING.
 15283 | Lair:5   | 15283 ||| FLEEEEING.
 15284 | Lair:5   | 15284 ||| FLEEEEING.
 15285 | Lair:5   | 15285 ||| FLEEEEING.
 15286 | Lair:5   | 15286 ||| FLEEEEING.
 15287 | Lair:5   | 15287 ||| FLEEEEING.
 15288 | Lair:5   | 15288 ||| FLEEEEING.
 15289 | Lair:5   | 15289 ||| FLEEEEING.
 15290 | Lair:5   | 15290 ||| FLEEEEING.
 15291 | Lair:5   | 15291 ||| FLEEEEING.
 15292 | Lair:5   | 15292 ||| FLEEEEING.
 15293 | Lair:5   | 15293 ||| FLEEEEING.
 15294 | Lair:5   | 15294 ||| FLEEEEING.
 15295 | Lair:5   | 15295 ||| STAIRDANCE
 15411 | Lair:5   | Reached skill level 13 in Armour
 15535 | Lair:5   | 15535 ||| INVOKING Heroism.
 15564 | Lair:5   | 15564 ||| RIP GAUNTLET
 15567 | Lair:5   | 15567 ||| PLANNING LAIR
 15585 | Lair:5   | 15585 ||| INVOKING Heroism.
 15586 | Lair:5   | 15586 ||| INVOKING Finesse.
 15594 | Lair:5   | 15594 ||| SWAPPING to +3 war axe of Ulaph {flame, rF-
                  | Str+6}.
 15598 | Lair:5   | 15598 ||| SWAPPING to +3 broad axe of freezing.
 15661 | Lair:5   | Noticed Snorg
 15662 | Lair:5   | 15662 ||| INVOKING Heroism.
 15663 | Lair:5   | 15663 ||| INVOKING Finesse.
 15676 | Lair:5   | Killed Snorg
 15740 | Lair:5   | 15740 ||| READING scroll of enchant armour.
 15740 | Lair:5   | 15740 ||| ENCHANTING +1 helmet.
 16106 | Lair:5   | 16106 ||| INVOKING Heroism.
 16107 | Lair:5   | 16107 ||| Stepping ~*~*~tactically~*~*~ (hiding).
 16124 | Lair:5   | Reached skill level 15 in Axes
 16127 | Lair:5   | 16127 ||| INVOKING Finesse.
 16151 | Lair:5   | 16151 ||| Stepping ~*~*~tactically~*~*~ (stealth).
 16163 | Lair:5   | 16163 ||| INVOKING Heroism.
 16199 | Lair:5   | 16199 ||| READING scroll of enchant weapon.
 16199 | Lair:5   | 16199 ||| ENCHANTING +3 broad axe of freezing.
 16225 | Lair:5   | 16225 ||| Stepping ~*~*~tactically~*~*~ (stealth).
 16234 | Lair:5   | 16234 ||| Stepping ~*~*~tactically~*~*~ (stealth).
 16257 | Lair:5   | 16257 ||| Stepping ~*~*~tactically~*~*~ (stealth).
 16429 | Lair:5   | 16429 ||| PLANNING D:1-11
 16429 | Lair:5   | 16429 ||| DROPPING scarf of shadows.
 16631 | D:11     | 16631 ||| READING scroll of enchant weapon.
 16631 | D:11     | 16631 ||| ENCHANTING +4 broad axe of freezing.
 16685 | D:11     | 16685 ||| Stepping ~*~*~tactically~*~*~ (stealth).
 16692 | D:11     | 16692 ||| INVOKING Heroism.
 16693 | D:11     | 16693 ||| READING 4 scrolls of teleportation.
 16818 | D:11     | Received a gift from Okawaru
 16851 | D:11     | 16851 ||| Stepping ~*~*~tactically~*~*~ (hiding).
 16876 | D:11     | Reached skill level 12 in Fighting
 17131 | D:11     | 17131 ||| Stepping ~*~*~tactically~*~*~ (hiding).
 17172 | D:11     | Noticed a fire giant
 17173 | D:11     | 17173 ||| Stepping ~*~*~tactically~*~*~ (hiding).
 17183 | D:11     | Killed a fire giant
 17184 | D:11     | Reached XP level 15. HP: 91/96 MP: 22/22
 17184 | D:11     | 17184 ||| Stepping ~*~*~tactically~*~*~ (cloud).
 17472 | D:11     | 17472 ||| PLANNING D
 17506 | D:12     | 17506 ||| Stepping ~*~*~tactically~*~*~ (hiding).
 17513 | D:12     | 17513 ||| Stepping ~*~*~tactically~*~*~ (stealth).
 17518 | D:12     | 17518 ||| Stepping ~*~*~tactically~*~*~ (hiding).
 17521 | D:12     | 17521 ||| Stepping ~*~*~tactically~*~*~ (stealth).
 17529 | D:12     | Received a gift from Okawaru
 17662 | D:12     | Found a staircase to the Orcish Mines.
 17697 | D:12     | 17697 ||| Stepping ~*~*~tactically~*~*~ (hiding).
 17709 | D:12     | Reached ****** piety under Okawaru
 18084 | D:13     | 18084 ||| INVOKING Heroism.
 18085 | D:13     | 18085 ||| INVOKING Finesse.
 18087 | D:13     | 18087 ||| SWAPPING to +3 war axe of Ulaph {flame, rF-
                  | Str+6}.
 18089 | D:13     | 18089 ||| SWAPPING to +5 broad axe of freezing.
 18177 | D:13     | Found a gate to the Vaults.
 18181 | D:13     | 18181 ||| INVOKING Heroism.
 18188 | D:13     | Received a gift from Okawaru
 18220 | D:13     | 18220 ||| SWAPPING to +2 vampiric war axe.
 18257 | D:13     | Reached skill level 6 in Throwing
 18331 | D:13     | 18331 ||| INVOKING Heroism.
 18387 | D:13     | 18387 ||| INVOKING Heroism.
 18388 | D:13     | 18388 ||| INVOKING Finesse.
 18389 | D:13     | 18389 ||| SWAPPING to +3 war axe of Ulaph {flame, rF-
                  | Str+6}.
 18393 | D:13     | 18393 ||| SWAPPING to +2 vampiric war axe.
 18527 | D:13     | 18527 ||| INVOKING Heroism.
 18528 | D:13     | 18528 ||| INVOKING Finesse.
 18532 | D:13     | 18532 ||| SWAPPING to +3 war axe of Ulaph {flame, rF-
                  | Str+6}.
 18539 | D:13     | 18539 ||| SWAPPING to +2 vampiric war axe.
 18693 | D:13     | 18693 ||| Stepping ~*~*~tactically~*~*~ (hiding).
 18867 | D:14     | Reached skill level 14 in Armour
 18897 | D:14     | Received a gift from Okawaru
 18963 | D:14     | 18963 ||| Stepping ~*~*~tactically~*~*~ (hiding).
 18964 | D:14     | 18964 ||| Stepping ~*~*~tactically~*~*~ (hiding).
 19060 | D:14     | 19060 ||| INVOKING Heroism.
 19104 | D:14     | Identified the +0 scale mail "Vicung" {Int+4} (Okawaru
                  | gifted it to you on level 14 of the Dungeon)
 19104 | D:14     | Received a gift from Okawaru
 19128 | D:14     | 19128 ||| INVOKING Heroism.
 19225 | D:14     | 19225 ||| INVOKING Heroism.
 19276 | D:14     | Identified the +0 ring mail of the Devil's Team {rN+ Regen+
                  | Str+3 Slay-5}
 19289 | D:14     | 19289 ||| INVOKING Heroism.
 19495 | D:14     | Reached XP level 16. HP: 104/104 MP: 23/23
 19499 | D:14     | Reached skill level 15 in Armour
 19633 | D:14     | 19633 ||| Stepping ~*~*~tactically~*~*~ (stealth).
 19634 | D:14     | 19634 ||| Stepping ~*~*~tactically~*~*~ (stealth).
 19638 | D:14     | 19638 ||| INVOKING Heroism.
 19718 | D:14     | Found a transporter.
 19723 | D:14     | Found a transporter.
 19758 | D:14     | Noticed qw's ghost (journeyman DEHu)
 19902 | D:14     | 19902 ||| READING scroll labelled VOR UTRIKLOTEO.
 19941 | D:15     | Entered Level 15 of the Dungeon
 19955 | D:15     | Reached skill level 9 in Shields
 20118 | D:15     | Identified the +5 chain mail of Optimism {Int+2}
 20214 | D:15     | Found a staircase to the Depths.
 20215 | D:15     | 20215 ||| Stepping ~*~*~tactically~*~*~ (stealth).
 20223 | D:15     | 20223 ||| INVOKING Heroism.
 20338 | D:15     | 20338 ||| INVOKING Heroism.
 20339 | D:15     | 20339 ||| INVOKING Finesse.
 20343 | D:15     | 20343 ||| SWAPPING to +3 war axe of Ulaph {flame, rF-
                  | Str+6}.
 20346 | D:15     | 20346 ||| SWAPPING to +2 vampiric war axe.
 20403 | D:15     | 20403 ||| Stepping ~*~*~tactically~*~*~ (stealth).
 20456 | D:15     | 20456 ||| INVOKING Heroism.
 20457 | D:15     | 20457 ||| INVOKING Finesse.
 20460 | D:15     | 20460 ||| SWAPPING to +3 war axe of Ulaph {flame, rF-
                  | Str+6}.
 20466 | D:15     | 20466 ||| SWAPPING to +2 vampiric war axe.
 20510 | D:15     | 20510 ||| READING scroll of enchant weapon.
 20510 | D:15     | 20510 ||| ENCHANTING +2 vampiric war axe.
 20544 | D:15     | Found Hiebeixe's Assorted Antiques.
 20552 | D:15     | 20552 ||| BUYING potion of haste (370 gold).
 20552 | D:15     | Bought a potion of haste for 370 gold pieces
 20701 | D:15     | Found a shimmering blue altar of Sif Muna.
 20802 | D:15     | 20802 ||| PLANNING ORC
 20802 | D:15     | 20802 ||| DROPPING ring of positive energy.
 20803 | D:15     | 20803 ||| UPGRADING to +5 ring of evasion.
 20805 | D:15     | 20805 ||| DROPPING ring of see invisible.
 20866 | Orc:1    | Entered Level 1 of the Orcish Mines
 20867 | Orc:1    | 20867 ||| INVOKING Heroism.
 20876 | Orc:1    | 20876 ||| Stepping ~*~*~tactically~*~*~ (stealth).
 20893 | Orc:1    | 20893 ||| INVOKING Heroism.
 20900 | Orc:1    | Received a gift from Okawaru
 20916 | Orc:1    | 20916 ||| INVOKING Heroism.
 21105 | Orc:1    | Noticed Gastronok
 21106 | Orc:1    | 21106 ||| Stepping ~*~*~tactically~*~*~ (hiding).
 21130 | Orc:1    | Killed Gastronok
 21180 | Orc:1    | 21180 ||| Stepping ~*~*~tactically~*~*~ (stealth).
 21183 | Orc:1    | 21183 ||| Stepping ~*~*~tactically~*~*~ (stealth).
 21186 | Orc:1    | 21186 ||| Stepping ~*~*~tactically~*~*~ (hiding).
 21187 | Orc:1    | 21187 ||| Stepping ~*~*~tactically~*~*~ (hiding).
 21188 | Orc:1    | 21188 ||| Stepping ~*~*~tactically~*~*~ (hiding).
 21304 | Orc:2    | Entered Level 2 of the Orcish Mines
 21335 | Orc:2    | Found a staircase to the Elven Halls.
 21384 | Orc:2    | Found Pirox's Overcharged Wands.
 21396 | Orc:2    | 21396 ||| Stepping ~*~*~tactically~*~*~ (hiding).
 21397 | Orc:2    | 21397 ||| Stepping ~*~*~tactically~*~*~ (hiding).
 21398 | Orc:2    | 21398 ||| Stepping ~*~*~tactically~*~*~ (hiding).
 21399 | Orc:2    | 21399 ||| Stepping ~*~*~tactically~*~*~ (hiding).
 21652 | Orc:2    | 21652 ||| Stepping ~*~*~tactically~*~*~ (hiding).
 21818 | Orc:2    | 21818 ||| INVOKING Heroism.
 21958 | Orc:2    | 21958 ||| Stepping ~*~*~tactically~*~*~ (hiding).
 22236 | Orc:2    | 22236 ||| Stepping ~*~*~tactically~*~*~ (stealth).
 22250 | Orc:2    | 22250 ||| Stepping ~*~*~tactically~*~*~ (stealth).
 22273 | Orc:2    | 22273 ||| Stepping ~*~*~tactically~*~*~ (hiding).
 22276 | Orc:2    | 22276 ||| INVOKING Heroism.
 22299 | Orc:2    | Gained mutation: A frigid envelope surrounds you and
                  | freezes all who hurt you. [a neqoxec]
 22302 | Orc:2    | Received a gift from Okawaru
 22303 | Orc:2    | Found Waziemud's Antique Armour Emporium.
 22323 | Orc:2    | Found Oseuzul's Antique Weapon Shoppe.
 22343 | Orc:2    | 22343 ||| BUYING runed broad axe (210 gold).
 22343 | Orc:2    | Bought a runed broad axe for 210 gold pieces
 22343 | Orc:2    | 22343 ||| DROPPING +2 heavy broad axe.
 22350 | Orc:2    | 22350 ||| BUYING glowing orb (180 gold).
 22350 | Orc:2    | Bought a glowing orb for 180 gold pieces
 22350 | Orc:2    | 22350 ||| BUYING pair of glowing boots (112 gold).
 22350 | Orc:2    | Bought a pair of glowing boots for 112 gold pieces
 22489 | Orc:2    | Found Zysh's Jewellery Boutique.
 22498 | Orc:2    | 22498 ||| BUYING ring of Elociaro {rF++ Will+ Dex+4} (810
                  | gold).
 22498 | Orc:2    | Bought the ring of Elociaro {rF++ Will+ Dex+4} for 810 gold
                  | pieces
 22543 | Orc:2    | 22543 ||| Stepping ~*~*~tactically~*~*~ (stealth).
 22545 | Orc:2    | 22545 ||| Stepping ~*~*~tactically~*~*~ (hiding).
 22697 | Orc:2    | Found Nakhlosa's Armour Boutique.
 22768 | Orc:2    | 22768 ||| PLANNING SNAKE:1-3
 22768 | Orc:2    | 22768 ||| DROPPING orb of energy.
 22769 | Orc:2    | 22769 ||| DROPPING +2 pair of boots of flying.
 22770 | Orc:2    | 22770 ||| DROPPING ring of protection from fire.
 22771 | Orc:2    | 22771 ||| UPGRADING to ring of Elociaro {rF++ Will+ Dex+4}.
 22773 | Orc:2    | 22773 ||| UPGRADING to +5 ring of evasion.
 23011 | Lair:3   | Killed Fannar
 23017 | Snake:1  | Entered Level 1 of the Snake Pit
 23019 | Snake:1  | 23019 ||| Stepping ~*~*~tactically~*~*~ (hiding).
 23021 | Snake:1  | 23021 ||| Stepping ~*~*~tactically~*~*~ (hiding).
 23040 | Snake:1  | 23040 ||| Stepping ~*~*~tactically~*~*~ (hiding).
 23126 | Snake:1  | 23126 ||| Stepping ~*~*~tactically~*~*~ (stealth).
 23131 | Snake:1  | 23131 ||| Stepping ~*~*~tactically~*~*~ (stealth).
 23139 | Snake:1  | 23139 ||| Stepping ~*~*~tactically~*~*~ (hiding).
 23154 | Snake:1  | 23154 ||| Stepping ~*~*~tactically~*~*~ (hiding).
 23342 | Snake:1  | 23342 ||| Stepping ~*~*~tactically~*~*~ (hiding).
 23350 | Snake:1  | Identified the +0 pair of gloves of Kussuveid {Regen+ Str-3
                  | Int+5} (Okawaru gifted it to you on level 1 of the Snake
                  | Pit)
 23350 | Snake:1  | Received a gift from Okawaru
 23352 | Snake:1  | 23352 ||| INVOKING Heroism.
 23687 | Snake:1  | 23687 ||| DROPPING +0 pair of gloves of Kussuveid {Regen+
                  | Str-3 Int+5}.
 23741 | Snake:2  | Reached skill level 16 in Armour
 23767 | Snake:2  | 23767 ||| Stepping ~*~*~tactically~*~*~ (hiding).
 23890 | Snake:2  | 23890 ||| Stepping ~*~*~tactically~*~*~ (hiding).
 23913 | Snake:2  | 23913 ||| Stepping ~*~*~tactically~*~*~ (hiding).
 23994 | Snake:2  | 23994 ||| Stepping ~*~*~tactically~*~*~ (stealth).
 24032 | Snake:2  | 24032 ||| Stepping ~*~*~tactically~*~*~ (hiding).
 24225 | Snake:2  | Noticed a nagaraja
 24226 | Snake:2  | 24226 ||| INVOKING Heroism.
 24234 | Snake:2  | Killed a nagaraja
 24597 | Snake:2  | Reached skill level 6 in Dodging
 24623 | Snake:2  | Reached XP level 17. HP: 111/111 MP: 24/24
 24705 | Snake:2  | 24705 ||| UPGRADING to +1 kite shield of protection.
 24715 | Snake:2  | 24715 ||| DROPPING +0 buckler.
 24761 | Snake:3  | 24761 ||| Stepping ~*~*~tactically~*~*~ (hiding).
 24762 | Snake:3  | 24762 ||| Stepping ~*~*~tactically~*~*~ (hiding).
 24806 | Snake:3  | 24806 ||| Stepping ~*~*~tactically~*~*~ (stealth).
 24807 | Snake:3  | 24807 ||| INVOKING Heroism.
 24913 | Snake:3  | 24913 ||| Stepping ~*~*~tactically~*~*~ (stealth).
 24916 | Snake:3  | 24916 ||| Stepping ~*~*~tactically~*~*~ (hiding).
 24928 | Snake:3  | Received a gift from Okawaru
 24956 | Snake:3  | 24956 ||| DROPPING +5 broad axe of freezing.
 24974 | Snake:3  | 24974 ||| Stepping ~*~*~tactically~*~*~ (hiding).
 24976 | Snake:3  | 24976 ||| INVOKING Heroism.
 25016 | Snake:3  | 25016 ||| Stepping ~*~*~tactically~*~*~ (hiding).
 25017 | Snake:3  | 25017 ||| Stepping ~*~*~tactically~*~*~ (hiding).
 25019 | Snake:3  | 25019 ||| Stepping ~*~*~tactically~*~*~ (hiding).
 25020 | Snake:3  | 25020 ||| Stepping ~*~*~tactically~*~*~ (hiding).
 25129 | Snake:3  | 25129 ||| Stepping ~*~*~tactically~*~*~ (hiding).
 25130 | Snake:3  | 25130 ||| Stepping ~*~*~tactically~*~*~ (hiding).
 25190 | Snake:3  | 25190 ||| Stepping ~*~*~tactically~*~*~ (stealth).
 25212 | Snake:3  | 25212 ||| Stepping ~*~*~tactically~*~*~ (hiding).
 25215 | Snake:3  | 25215 ||| Stepping ~*~*~tactically~*~*~ (hiding).
 25216 | Snake:3  | 25216 ||| Stepping ~*~*~tactically~*~*~ (hiding).
 25238 | Snake:3  | 25238 ||| Stepping ~*~*~tactically~*~*~ (hiding).
 25256 | Snake:3  | Reached skill level 12 in Shields
 25275 | Snake:3  | 25275 ||| Stepping ~*~*~tactically~*~*~ (hiding).
 25447 | Snake:3  | Received a gift from Okawaru
 25466 | Snake:3  | 25466 ||| DROPPING +3 war axe of Ulaph {flame, rF- Str+6}.
 25627 | Snake:3  | 25627 ||| Stepping ~*~*~tactically~*~*~ (hiding).
 25630 | Snake:3  | 25630 ||| Stepping ~*~*~tactically~*~*~ (hiding).
 25762 | Snake:3  | 25762 ||| PLANNING SWAMP:1-3
 25926 | Swamp:1  | Entered Level 1 of the Swamp
 26003 | Swamp:1  | 26003 ||| Stepping ~*~*~tactically~*~*~ (hiding).
 26007 | Swamp:1  | 26007 ||| INVOKING Heroism.
 26061 | Swamp:1  | 26061 ||| INVOKING Heroism.
 26069 | Swamp:1  | 26069 ||| Stepping ~*~*~tactically~*~*~ (hiding).
 26163 | Swamp:1  | 26163 ||| Stepping ~*~*~tactically~*~*~ (hiding).
 26291 | Swamp:1  | 26291 ||| Stepping ~*~*~tactically~*~*~ (stealth).
 26517 | Swamp:1  | 26517 ||| INVOKING Heroism.
 26559 | Swamp:1  | 26559 ||| Stepping ~*~*~tactically~*~*~ (hiding).
 26902 | Swamp:2  | 26902 ||| INVOKING Heroism.
 26912 | Swamp:2  | 26912 ||| SWAPPING to +2 broad axe of flaming.
 26916 | Swamp:2  | 26916 ||| STAIRDANCE
 26918 | Swamp:1  | 26918 ||| SWAPPING to +3 vampiric war axe.
 27105 | Swamp:2  | 27105 ||| Stepping ~*~*~tactically~*~*~ (hiding).
 27107 | Swamp:2  | 27107 ||| Stepping ~*~*~tactically~*~*~ (hiding).
 27108 | Swamp:2  | 27108 ||| Stepping ~*~*~tactically~*~*~ (hiding).
 27109 | Swamp:2  | 27109 ||| Stepping ~*~*~tactically~*~*~ (hiding).
 27235 | Swamp:2  | Noticed Aizul
 27236 | Swamp:2  | 27236 ||| INVOKING Heroism.
 27238 | Swamp:2  | 27238 ||| INVOKING Finesse.
 27243 | Swamp:2  | 27243 ||| SWAPPING to +2 broad axe of flaming.
 27252 | Swamp:2  | Killed Aizul
 27258 | Swamp:2  | 27258 ||| SWAPPING to +3 vampiric war axe.
 27287 | Swamp:2  | Found an ancient bone altar of Kikubaaqudgha.
 27390 | Swamp:2  | Received a gift from Okawaru
 27397 | Swamp:2  | 27397 ||| INVOKING Heroism.
 27398 | Swamp:2  | 27398 ||| Stepping ~*~*~tactically~*~*~ (hiding).
 27420 | Swamp:2  | 27420 ||| Stepping ~*~*~tactically~*~*~ (stealth).
 27501 | Swamp:2  | 27501 ||| INVOKING Heroism.
 27530 | Swamp:2  | Noticed Jorgrun
 27548 | Swamp:2  | Identified the +8 executioner's axe of Plog {vamp, Dex+3}
                  | (Okawaru gifted it to you on level 2 of the Swamp)
 27548 | Swamp:2  | Received a gift from Okawaru
 27553 | Swamp:2  | Killed Jorgrun
 27587 | Swamp:2  | Found a runed translucent gate.
 27588 | Swamp:2  | Found a runed translucent gate.
 27588 | Swamp:2  | Found a runed translucent gate.
 27588 | Swamp:2  | Noticed reggie's ghost (journeyman DrHW)
 28210 | Swamp:2  | 28210 ||| Stepping randomly (stuck).
 28220 | Swamp:3  | 28220 ||| INVOKING Heroism.
 28225 | Swamp:3  | 28225 ||| SWAPPING to +2 broad axe of flaming.
 28229 | Swamp:3  | 28229 ||| SWAPPING to +3 vampiric war axe.
 28238 | Swamp:3  | Reached skill level 17 in Armour
 28238 | Swamp:3  | Reached XP level 18. HP: 113/116 MP: 25/25
 28244 | Swamp:3  | 28244 ||| DROPPING +2 broad axe of flaming.
 28251 | Swamp:3  | 28251 ||| Stepping ~*~*~tactically~*~*~ (stealth).
 28266 | Swamp:3  | 28266 ||| Stepping ~*~*~tactically~*~*~ (stealth).
 28267 | Swamp:3  | 28267 ||| Stepping ~*~*~tactically~*~*~ (stealth).
 28272 | Swamp:3  | 28272 ||| INVOKING Heroism.
 28321 | Swamp:3  | 28321 ||| Stepping ~*~*~tactically~*~*~ (hiding).
 28322 | Swamp:3  | 28322 ||| Stepping ~*~*~tactically~*~*~ (hiding).
 28324 | Swamp:3  | 28324 ||| INVOKING Heroism.
 28333 | Swamp:3  | Received a gift from Okawaru
 28333 | Swamp:3  | Found the +15 Maxwell's patent armour {-Cast -Tele rElec
                  | Will+ rCorr}
 28520 | Swamp:3  | Noticed Roxanne
 28521 | Swamp:3  | 28521 ||| INVOKING Heroism.
 28522 | Swamp:3  | 28522 ||| INVOKING Finesse.
 28554 | Swamp:3  | Killed Roxanne
 28629 | Swamp:3  | 28629 ||| FLEEEEING.
 28630 | Swamp:3  | 28630 ||| FLEEEEING.
 28631 | Swamp:3  | 28631 ||| FLEEEEING.
 28635 | Swamp:3  | 28635 ||| FLEEEEING.
 28636 | Swamp:3  | 28636 ||| FLEEEEING.
 28637 | Swamp:3  | 28637 ||| FLEEEEING.
 28638 | Swamp:3  | 28638 ||| FLEEEEING.
 28640 | Swamp:3  | 28640 ||| FLEEEEING.
 28641 | Swamp:3  | 28641 ||| FLEEEEING.
 28642 | Swamp:3  | 28642 ||| FLEEEEING.
 28643 | Swamp:3  | 28643 ||| FLEEEEING.
 28654 | Swamp:3  | 28654 ||| FLEEEEING.
 28766 | Swamp:3  | 28766 ||| PLANNING SNAKE:4
 28766 | Swamp:3  | 28766 ||| DROPPING scarf of shadows.
 28957 | Snake:4  | Entered Level 4 of the Snake Pit
 29059 | Snake:4  | 29059 ||| INVOKING Heroism.
 29080 | Snake:4  | Reached skill level 15 in Fighting
 29294 | Snake:4  | 29294 ||| Stepping ~*~*~tactically~*~*~ (hiding).
 29297 | Snake:4  | 29297 ||| Stepping ~*~*~tactically~*~*~ (hiding).
 29549 | Snake:4  | 29549 ||| INVOKING Heroism.
 29598 | Snake:4  | 29598 ||| Stepping ~*~*~tactically~*~*~ (stealth).
 29599 | Snake:4  | 29599 ||| Stepping ~*~*~tactically~*~*~ (stealth).
 29614 | Snake:4  | 29614 ||| Stepping ~*~*~tactically~*~*~ (hiding).
 29733 | Snake:4  | 29733 ||| Stepping ~*~*~tactically~*~*~ (hiding).
 29739 | Snake:4  | 29739 ||| Stepping ~*~*~tactically~*~*~ (hiding).
 29747 | Snake:4  | 29747 ||| INVOKING Heroism.
 29761 | Snake:4  | Noticed a quicksilver dragon
 29772 | Snake:4  | 29772 ||| Stepping ~*~*~tactically~*~*~ (hiding).
 29783 | Snake:4  | Killed a quicksilver dragon
 29784 | Snake:4  | 29784 ||| INVOKING Heroism.
 29791 | Snake:4  | Noticed a quicksilver dragon
 29803 | Snake:4  | Killed a quicksilver dragon
 29821 | Snake:4  | 29821 ||| INVOKING Heroism.
 29996 | Snake:4  | 29996 ||| INVOKING Heroism.
 30159 | Snake:4  | Got a serpentine rune of Zot
 30243 | Snake:4  | 30243 ||| UPGRADING to +0 tower shield of protection.
 30253 | Snake:4  | 30253 ||| DROPPING +1 kite shield of protection.
 30411 | Snake:4  | 30411 ||| Stepping ~*~*~tactically~*~*~ (hiding).
 30412 | Snake:4  | 30412 ||| Stepping ~*~*~tactically~*~*~ (hiding).
 30428 | Snake:4  | Noticed Saint Roka
 30429 | Snake:4  | 30429 ||| INVOKING Heroism.
 30430 | Snake:4  | 30430 ||| INVOKING Finesse.
 30434 | Snake:4  | Received a gift from Okawaru
 30462 | Snake:4  | Reached skill level 15 in Shields
 30477 | Snake:4  | Killed Saint Roka
 30580 | Snake:4  | 30580 ||| PLANNING VAULTS:1-4
 30902 | Vaults:1 | Entered Level 1 of the Vaults
 30903 | Vaults:1 | 30903 ||| PLANNING WIZLAB
 30973 | Vaults:1 | 30973 ||| Stepping ~*~*~tactically~*~*~ (hiding).
 30986 | Vaults:1 | Received a gift from Okawaru
 30999 | Vaults:1 | Received a gift from Okawaru
 31023 | Vaults:1 | 31023 ||| Stepping ~*~*~tactically~*~*~ (stealth).
 31085 | Vaults:1 | Received a gift from Okawaru
 31144 | Vaults:1 | 31144 ||| INVOKING Heroism.
 31277 | Vaults:1 | Received a gift from Okawaru
 31293 | Vaults:1 | 31293 ||| Stepping ~*~*~tactically~*~*~ (hiding).
 31294 | Vaults:1 | 31294 ||| Stepping ~*~*~tactically~*~*~ (hiding).
 31369 | Vaults:1 | Reached XP level 19. HP: 106/124 MP: 26/26
 31401 | Vaults:1 | 31401 ||| Stepping ~*~*~tactically~*~*~ (stealth).
 31498 | Vaults:1 | Found a magical portal.
 31504 | WizLab   | Entered Eringya's Formal Garden
 31508 | WizLab   | 31508 ||| Stepping ~*~*~tactically~*~*~ (hiding).
 31633 | WizLab   | 31633 ||| Stepping ~*~*~tactically~*~*~ (hiding).
 31635 | WizLab   | 31635 ||| Stepping ~*~*~tactically~*~*~ (hiding).
 31645 | WizLab   | Received a gift from Okawaru
 31670 | WizLab   | 31670 ||| Stepping ~*~*~tactically~*~*~ (hiding).
 31671 | WizLab   | 31671 ||| Stepping ~*~*~tactically~*~*~ (hiding).
 31699 | WizLab   | 31699 ||| Stepping ~*~*~tactically~*~*~ (hiding).
 31707 | WizLab   | 31707 ||| Stepping ~*~*~tactically~*~*~ (hiding).
 31753 | WizLab   | 31753 ||| Stepping ~*~*~tactically~*~*~ (hiding).
 31782 | WizLab   | 31782 ||| Stepping ~*~*~tactically~*~*~ (hiding).
 31783 | WizLab   | 31783 ||| Stepping ~*~*~tactically~*~*~ (hiding).
 31791 | WizLab   | 31791 ||| INVOKING Heroism.
 31795 | WizLab   | 31795 ||| Stepping ~*~*~tactically~*~*~ (hiding).
 31796 | WizLab   | 31796 ||| Stepping ~*~*~tactically~*~*~ (hiding).
 31840 | WizLab   | 31840 ||| Stepping ~*~*~tactically~*~*~ (stealth).
 31843 | WizLab   | 31843 ||| Stepping ~*~*~tactically~*~*~ (hiding).
 31844 | WizLab   | 31844 ||| Stepping ~*~*~tactically~*~*~ (hiding).
 31846 | WizLab   | 31846 ||| Stepping ~*~*~tactically~*~*~ (hiding).
 31847 | WizLab   | 31847 ||| INVOKING Heroism.
 31876 | WizLab   | Reached skill level 18 in Shields
 31890 | WizLab   | 31890 ||| INVOKING Heroism.
 31892 | WizLab   | 31892 ||| Stepping ~*~*~tactically~*~*~ (hiding).
 31893 | WizLab   | 31893 ||| Stepping ~*~*~tactically~*~*~ (hiding).
 31894 | WizLab   | 31894 ||| Stepping ~*~*~tactically~*~*~ (hiding).
 31948 | WizLab   | 31948 ||| Stepping ~*~*~tactically~*~*~ (hiding).
 31950 | WizLab   | 31950 ||| Stepping ~*~*~tactically~*~*~ (hiding).
 32062 | WizLab   | 32062 ||| Stepping ~*~*~tactically~*~*~ (hiding).
 32065 | WizLab   | 32065 ||| Stepping ~*~*~tactically~*~*~ (hiding).
 32067 | WizLab   | 32067 ||| Stepping ~*~*~tactically~*~*~ (hiding).
 32068 | WizLab   | 32068 ||| INVOKING Heroism.
 32111 | WizLab   | 32111 ||| Stepping ~*~*~tactically~*~*~ (stealth).
 32112 | WizLab   | 32112 ||| Stepping ~*~*~tactically~*~*~ (stealth).
 32114 | WizLab   | 32114 ||| Stepping ~*~*~tactically~*~*~ (hiding).
 32115 | WizLab   | 32115 ||| INVOKING Heroism.
 32116 | WizLab   | 32116 ||| INVOKING Finesse.
 32169 | WizLab   | 32169 ||| Stepping ~*~*~tactically~*~*~ (hiding).
 32180 | WizLab   | 32180 ||| Stepping ~*~*~tactically~*~*~ (hiding).
 32183 | WizLab   | 32183 ||| Stepping ~*~*~tactically~*~*~ (hiding).
 32263 | WizLab   | 32263 ||| FLEEEEING.
 32271 | WizLab   | 32271 ||| FLEEEEING.
 32274 | WizLab   | 32274 ||| Stepping ~*~*~tactically~*~*~ (hiding).
 32275 | WizLab   | 32275 ||| Stepping ~*~*~tactically~*~*~ (hiding).
 32277 | WizLab   | 32277 ||| Stepping ~*~*~tactically~*~*~ (hiding).
 32374 | WizLab   | 32374 ||| Stepping ~*~*~tactically~*~*~ (hiding).
 32375 | WizLab   | 32375 ||| Stepping ~*~*~tactically~*~*~ (hiding).
 32391 | WizLab   | Reached skill level 18 in Armour
 32395 | WizLab   | Found a blossoming altar of Fedhas.
 32427 | WizLab   | 32427 ||| INVOKING Heroism.
 32463 | WizLab   | 32463 ||| Stepping ~*~*~tactically~*~*~ (hiding).
 32467 | WizLab   | 32467 ||| Stepping ~*~*~tactically~*~*~ (hiding).
 32483 | WizLab   | 32483 ||| INVOKING Heroism.
 32484 | WizLab   | 32484 ||| INVOKING Finesse.
 32551 | WizLab   | 32551 ||| READING 18 scrolls of identify.
 32551 | WizLab   | 32551 ||| IDENTIFYING bubbling blue potion
 32552 | WizLab   | 32552 ||| DRINKING potion of experience.
 32552 | WizLab   | Reached skill level 9 in Throwing
 32552 | WizLab   | Reached XP level 20. HP: 129/129 MP: 27/27
 32557 | Vaults:1 | 32557 ||| PLANNING VAULTS:1-4
 32729 | Vaults:1 | 32729 ||| Stepping ~*~*~tactically~*~*~ (hiding).
 32809 | Vaults:1 | Received a gift from Okawaru
 32926 | Vaults:1 | 32926 ||| Stepping ~*~*~tactically~*~*~ (stealth).
 33131 | Vaults:2 | 33131 ||| PLANNING BAZAAR
 33147 | Vaults:2 | 33147 ||| Stepping ~*~*~tactically~*~*~ (hiding).
 33148 | Vaults:2 | 33148 ||| Stepping ~*~*~tactically~*~*~ (hiding).
 33154 | Vaults:2 | 33154 ||| Stepping ~*~*~tactically~*~*~ (hiding).
 33179 | Vaults:2 | 33179 ||| Stepping ~*~*~tactically~*~*~ (stealth).
 33200 | Vaults:2 | 33200 ||| Stepping ~*~*~tactically~*~*~ (stealth).
 33202 | Vaults:2 | 33202 ||| Stepping ~*~*~tactically~*~*~ (hiding).
 33302 | Vaults:2 | 33302 ||| Stepping ~*~*~tactically~*~*~ (stealth).
 33329 | Vaults:2 | 33329 ||| Stepping ~*~*~tactically~*~*~ (hiding).
 33364 | Vaults:2 | 33364 ||| INVOKING Heroism.
 33386 | Vaults:2 | Noticed Sojobo
 33387 | Vaults:2 | 33387 ||| INVOKING Finesse.
 33414 | Vaults:2 | Killed Sojobo
 33462 | Vaults:2 | Noticed Frederick
 33463 | Vaults:2 | 33463 ||| INVOKING Heroism.
 33464 | Vaults:2 | 33464 ||| INVOKING Finesse.
 33483 | Vaults:2 | Killed Frederick
 33483 | Vaults:2 | Received a gift from Okawaru
 33995 | Vaults:2 | 33995 ||| Stepping ~*~*~tactically~*~*~ (stealth).
 34002 | Vaults:2 | 34002 ||| Stepping ~*~*~tactically~*~*~ (stealth).
 34076 | Vaults:2 | Received a gift from Okawaru
 34266 | Vaults:2 | 34266 ||| RIP BAZAAR
 34273 | Vaults:2 | 34273 ||| PLANNING VAULTS:1-4
 34294 | Vaults:2 | Found a large runed translucent door.
 34294 | Vaults:2 | Found a large runed translucent door.
 34294 | Vaults:2 | Found a large runed translucent door.
 34294 | Vaults:2 | Found a large runed translucent door.
 34294 | Vaults:2 | Found a large runed translucent door.
 34294 | Vaults:2 | Found a large runed translucent door.
 34294 | Vaults:2 | Found a large runed translucent door.
 34294 | Vaults:2 | Found a large runed translucent door.
 34294 | Vaults:2 | Noticed qw's ghost (adept GrFi)
 34743 | Vaults:2 | Found Duniew's General Store.
 34835 | Vaults:2 | Found the +5 glaive of the Guard {elec, spectral, AC+5}
 34838 | Vaults:2 | 34838 ||| INVOKING Heroism.
 34839 | Vaults:2 | 34839 ||| INVOKING Finesse.
 34866 | Vaults:2 | Received a gift from Okawaru
 34970 | Vaults:2 | 34970 ||| UPGRADING to +2 hat of willpower.
 35024 | Vaults:3 | 35024 ||| Stepping ~*~*~tactically~*~*~ (stealth).
 35032 | Vaults:3 | 35032 ||| Stepping ~*~*~tactically~*~*~ (stealth).
 35034 | Vaults:3 | 35034 ||| Stepping ~*~*~tactically~*~*~ (stealth).
 35044 | Vaults:3 | Reached XP level 21. HP: 136/136 MP: 28/28
 35117 | Vaults:3 | 35117 ||| FLEEEEING.
 35170 | Vaults:3 | 35170 ||| Stepping ~*~*~tactically~*~*~ (hiding).
 35307 | Vaults:3 | 35307 ||| Stepping ~*~*~tactically~*~*~ (stealth).
 35308 | Vaults:3 | 35308 ||| Stepping ~*~*~tactically~*~*~ (stealth).
 35315 | Vaults:3 | 35315 ||| INVOKING Finesse.
 35433 | Vaults:3 | 35433 ||| Stepping ~*~*~tactically~*~*~ (hiding).
 35471 | Vaults:3 | Received a gift from Okawaru
 35520 | Vaults:3 | 35520 ||| Stepping ~*~*~tactically~*~*~ (stealth).
 35522 | Vaults:3 | 35522 ||| Stepping ~*~*~tactically~*~*~ (hiding).
 35541 | Vaults:3 | 35541 ||| Stepping ~*~*~tactically~*~*~ (stealth).
 35594 | Vaults:3 | Identified the -1 pair of gloves "Rugu" {Slay+2} (Okawaru
                  | gifted it to you on level 3 of the Vaults)
 35594 | Vaults:3 | Received a gift from Okawaru
 35659 | Vaults:3 | 35659 ||| Stepping ~*~*~tactically~*~*~ (hiding).
 35680 | Vaults:3 | 35680 ||| Stepping ~*~*~tactically~*~*~ (stealth).
 35686 | Vaults:3 | Reached skill level 19 in Armour
 35691 | Vaults:3 | Found a staircase to the Crypt.
 35694 | Vaults:3 | 35694 ||| Stepping ~*~*~tactically~*~*~ (hiding).
 35722 | Vaults:3 | 35722 ||| Stepping ~*~*~tactically~*~*~ (stealth).
 35724 | Vaults:3 | 35724 ||| Stepping ~*~*~tactically~*~*~ (stealth).
 36204 | Vaults:3 | 36204 ||| Stepping ~*~*~tactically~*~*~ (hiding).
 36251 | Vaults:3 | 36251 ||| Stepping ~*~*~tactically~*~*~ (hiding).
 36285 | Vaults:3 | 36285 ||| Stepping ~*~*~tactically~*~*~ (hiding).
 36379 | Vaults:3 | 36379 ||| DROPPING -1 pair of gloves "Rugu" {Slay+2}.
 36508 | Vaults:4 | 36508 ||| Stepping ~*~*~tactically~*~*~ (hiding).
 36665 | Vaults:4 | 36665 ||| Stepping ~*~*~tactically~*~*~ (hiding).
 36687 | Vaults:4 | 36687 ||| FLEEEEING.
 36805 | Vaults:4 | 36805 ||| Stepping ~*~*~tactically~*~*~ (hiding).
 36933 | Vaults:4 | 36933 ||| INVOKING Heroism.
 37154 | Vaults:4 | Reached skill level 18 in Fighting
 37186 | Vaults:4 | 37186 ||| INVOKING Finesse.
 37287 | Vaults:4 | 37287 ||| INVOKING Heroism.
 37292 | Vaults:4 | 37292 ||| INVOKING Finesse.
 37309 | Vaults:4 | Received a gift from Okawaru
 37355 | Vaults:4 | 37355 ||| INVOKING Finesse.
 37403 | Vaults:4 | 37403 ||| Stepping ~*~*~tactically~*~*~ (hiding).
 37434 | Vaults:4 | Received a gift from Okawaru
 37439 | Vaults:4 | 37439 ||| DROPPING +1 broad axe of venom.
 37453 | Vaults:4 | 37453 ||| Stepping ~*~*~tactically~*~*~ (hiding).
 37504 | Vaults:4 | 37504 ||| Stepping ~*~*~tactically~*~*~ (hiding).
 37559 | Vaults:4 | 37559 ||| Stepping ~*~*~tactically~*~*~ (stealth).
 37689 | Vaults:4 | 37689 ||| Stepping ~*~*~tactically~*~*~ (hiding).
 37714 | Vaults:4 | 37714 ||| INVOKING Heroism.
 38015 | Vaults:4 | 38015 ||| PLANNING SWAMP:4
 38015 | Vaults:4 | 38015 ||| DROPPING +6 ring of intelligence.
 38372 | Swamp:4  | Entered Level 4 of the Swamp
 38389 | Swamp:4  | 38389 ||| Stepping ~*~*~tactically~*~*~ (stealth).
 38391 | Swamp:4  | 38391 ||| Stepping ~*~*~tactically~*~*~ (stealth).
 38393 | Swamp:4  | 38393 ||| Stepping ~*~*~tactically~*~*~ (hiding).
 38394 | Swamp:4  | 38394 ||| Stepping ~*~*~tactically~*~*~ (hiding).
 38536 | Swamp:4  | 38536 ||| Stepping ~*~*~tactically~*~*~ (hiding).
 38719 | Swamp:4  | 38719 ||| Stepping ~*~*~tactically~*~*~ (hiding).
 38748 | Swamp:4  | Reached XP level 22. HP: 145/147 MP: 29/29
 38801 | Swamp:4  | 38801 ||| Stepping ~*~*~tactically~*~*~ (hiding).
 38811 | Swamp:4  | Received a gift from Okawaru
 38814 | Swamp:4  | 38814 ||| Stepping ~*~*~tactically~*~*~ (hiding).
 38830 | Swamp:4  | 38830 ||| Stepping ~*~*~tactically~*~*~ (hiding).
 38861 | Swamp:4  | 38861 ||| Stepping ~*~*~tactically~*~*~ (hiding).
 38863 | Swamp:4  | 38863 ||| Stepping ~*~*~tactically~*~*~ (hiding).
 38909 | Swamp:4  | 38909 ||| Stepping ~*~*~tactically~*~*~ (stealth).
 38914 | Swamp:4  | 38914 ||| Stepping ~*~*~tactically~*~*~ (stealth).
 38946 | Swamp:4  | Reached skill level 20 in Armour
 38966 | Swamp:4  | Got a decaying rune of Zot
 38967 | Swamp:4  | 38967 ||| Stepping ~*~*~tactically~*~*~ (stealth).
 38990 | Swamp:4  | 38990 ||| Stepping ~*~*~tactically~*~*~ (stealth).
 39259 | Swamp:4  | 39259 ||| PLANNING DEPTHS
 39259 | Swamp:4  | 39259 ||| DROPPING amulet of regeneration.
 39260 | Swamp:4  | 39260 ||| READING 7 scrolls of teleportation.
 39264 | Swamp:4  | 39264 ||| READING 6 scrolls of teleportation.
 39268 | Swamp:4  | 39268 ||| READING 5 scrolls of teleportation.
 39271 | Swamp:4  | 39271 ||| READING 4 scrolls of teleportation.
 39274 | Swamp:4  | 39274 ||| READING 3 scrolls of teleportation.
 39278 | Swamp:4  | 39278 ||| READING 2 scrolls of teleportation.
 39281 | Swamp:4  | 39281 ||| READING scroll of teleportation.
 39589 | Depths:1 | Entered Level 1 of the Depths
 39589 | Depths:1 | Found a portal to a secret trove of treasure.
 39632 | Depths:1 | Identified the +3 leather armour of Impatience {Will+
                  | Int+3}
 39751 | Depths:1 | Found a gateway to Hell.
 39766 | Depths:1 | 39766 ||| Stepping ~*~*~tactically~*~*~ (hiding).
 39793 | Depths:1 | Identified the +0 dagger of Conservatism {heavy, rC+}
 39886 | Depths:1 | 39886 ||| Stepping ~*~*~tactically~*~*~ (stealth).
 39961 | Depths:1 | Found a shimmering altar of Xom.
 40037 | Depths:1 | Found Tuinif's Jewellery Shoppe.
 40040 | Depths:1 | Found Guk Pupp's Book Boutique.
 40041 | Depths:1 | Found Sekilig's Jewellery Shoppe.
 40047 | Depths:1 | 40047 ||| BUYING +5 ring of evasion (540 gold).
 40047 | Depths:1 | Bought a +5 ring of evasion for 540 gold pieces
 40051 | Depths:1 | 40051 ||| BUYING ring "Enti" {Fly rC+ Str+5} (588 gold).
 40051 | Depths:1 | Bought the ring "Enti" {Fly rC+ Str+5} for 588 gold pieces
 40139 | Depths:1 | 40139 ||| INVOKING Heroism.
 40333 | Depths:1 | 40333 ||| INVOKING Heroism.
 40334 | Depths:1 | 40334 ||| INVOKING Finesse.
 40471 | Depths:1 | 40471 ||| READING scroll of enchant weapon.
 40471 | Depths:1 | 40471 ||| ENCHANTING +3 vampiric war axe.
 40668 | Depths:1 | 40668 ||| DROPPING +0 cloak.
 40669 | Depths:1 | 40669 ||| DROPPING +4 ring of protection.
 40720 | Depths:2 | 40720 ||| INVOKING Heroism.
 40721 | Depths:2 | 40721 ||| INVOKING Finesse.
 40728 | Depths:2 | Found a one-way gate leading to the halls of Pandemonium.
 40821 | Depths:2 | 40821 ||| INVOKING Heroism.
 40893 | Depths:2 | 40893 ||| INVOKING Heroism.
 40894 | Depths:2 | 40894 ||| INVOKING Finesse.
 40970 | Depths:2 | Noticed a golden dragon
 40971 | Depths:2 | 40971 ||| Stepping ~*~*~tactically~*~*~ (hiding).
 40972 | Depths:2 | 40972 ||| Stepping ~*~*~tactically~*~*~ (hiding).
 40977 | Depths:2 | 40977 ||| INVOKING Heroism.
 40978 | Depths:2 | 40978 ||| INVOKING Finesse.
 40986 | Depths:2 | Killed a golden dragon
 41024 | Depths:2 | 41024 ||| Stepping ~*~*~tactically~*~*~ (hiding).
 41026 | Depths:2 | 41026 ||| Stepping ~*~*~tactically~*~*~ (hiding).
 41042 | Depths:2 | Received a gift from Okawaru
 41043 | Depths:2 | 41043 ||| Stepping ~*~*~tactically~*~*~ (hiding).
 41203 | Depths:2 | 41203 ||| Stepping ~*~*~tactically~*~*~ (hiding).
 41272 | Depths:2 | 41272 ||| INVOKING Heroism.
 41273 | Depths:2 | 41273 ||| INVOKING Finesse.
 41289 | Depths:2 | Received a gift from Okawaru
 41473 | Depths:2 | Found an ornate altar of the Wu Jian Council.
 41527 | Depths:2 | Received a gift from Okawaru
 41615 | Depths:2 | 41615 ||| DROPPING amulet of magic regeneration.
 41630 | Depths:3 | 41630 ||| INVOKING Heroism.
 41635 | Depths:3 | 41635 ||| INVOKING Finesse.
 41729 | Depths:3 | Found a one-way gate to the infinite horrors of the Abyss.
 41769 | Depths:3 | Received a gift from Okawaru
 41770 | Depths:3 | Reached skill level 21 in Armour
 42018 | Depths:3 | 42018 ||| Stepping ~*~*~tactically~*~*~ (hiding).
 42020 | Depths:3 | 42020 ||| Stepping ~*~*~tactically~*~*~ (hiding).
 42066 | Depths:3 | 42066 ||| Stepping ~*~*~tactically~*~*~ (stealth).
 42068 | Depths:3 | 42068 ||| Stepping ~*~*~tactically~*~*~ (hiding).
 42091 | Depths:3 | 42091 ||| INVOKING Heroism.
 42092 | Depths:3 | 42092 ||| INVOKING Finesse.
 42097 | Depths:3 | Received a gift from Okawaru
 42101 | Depths:3 | Reached skill level 9 in Dodging
 42125 | Depths:3 | Reached XP level 23. HP: 155/155 MP: 25/30
 42314 | Depths:3 | 42314 ||| Stepping ~*~*~tactically~*~*~ (stealth).
 42318 | Depths:3 | 42318 ||| INVOKING Heroism.
 42451 | Depths:3 | 42451 ||| Stepping ~*~*~tactically~*~*~ (hiding).
 42553 | Depths:3 | 42553 ||| INVOKING Heroism.
 42554 | Depths:3 | 42554 ||| INVOKING Finesse.
 42559 | Depths:3 | Noticed a caustic shrike
 42581 | Depths:3 | Killed a caustic shrike
 42583 | Depths:3 | Noticed a golden dragon
 42597 | Depths:3 | Noticed a caustic shrike
 42611 | Depths:3 | Killed a golden dragon
 42621 | Depths:3 | Killed a caustic shrike
 42640 | Depths:3 | 42640 ||| INVOKING Finesse.
 42641 | Depths:3 | 42641 ||| INVOKING Heroism.
 42662 | Depths:3 | Received a gift from Okawaru
 42663 | Depths:3 | Noticed a caustic shrike
 42685 | Depths:3 | Killed a caustic shrike
 42764 | Depths:3 | 42764 ||| Stepping ~*~*~tactically~*~*~ (stealth).
 42765 | Depths:3 | 42765 ||| Stepping ~*~*~tactically~*~*~ (stealth).
 42771 | Depths:3 | 42771 ||| Stepping ~*~*~tactically~*~*~ (hiding).
 42907 | Depths:3 | 42907 ||| DROPPING scarf of invisibility.
 42936 | Depths:4 | Entered Level 4 of the Depths
 42955 | Depths:4 | 42955 ||| READING scroll of enchant weapon.
 42955 | Depths:4 | 42955 ||| ENCHANTING +4 vampiric war axe.
 42997 | Depths:4 | 42997 ||| INVOKING Heroism.
 43029 | Depths:4 | Received a gift from Okawaru
 43070 | Depths:4 | Found a one-way gateway to a ziggurat.
 43083 | Depths:4 | Found Ruemis's General Store.
 43087 | Depths:4 | Found Okantik's Armour Shop.
 43091 | Depths:4 | 43091 ||| BUYING potion of might (84 gold).
 43091 | Depths:4 | Bought a potion of might for 84 gold pieces
 43274 | Depths:4 | 43274 ||| Stepping ~*~*~tactically~*~*~ (hiding).
 43306 | Depths:4 | 43306 ||| INVOKING Heroism.
 43313 | Depths:4 | Received a gift from Okawaru
 43382 | Depths:4 | Identified the +10 great sword "Oheos" {pain, rF+ rC+
                  | Str+2}
 43421 | Depths:4 | 43421 ||| INVOKING Heroism.
 43422 | Depths:4 | 43422 ||| INVOKING Finesse.
 43488 | Depths:4 | Found an opulent altar of Gozag.
 43615 | Depths:4 | 43615 ||| Stepping ~*~*~tactically~*~*~ (hiding).
 43616 | Depths:4 | 43616 ||| Stepping ~*~*~tactically~*~*~ (hiding).
 43620 | Depths:4 | 43620 ||| INVOKING Heroism.
 43694 | Depths:4 | 43694 ||| Stepping ~*~*~tactically~*~*~ (hiding).
 43696 | Depths:4 | 43696 ||| INVOKING Heroism.
 43716 | Depths:4 | Reached skill level 22 in Armour
 43723 | Depths:4 | Found a gate to the Realm of Zot.
 43814 | Depths:4 | 43814 ||| Stepping ~*~*~tactically~*~*~ (hiding).
 43815 | Depths:4 | 43815 ||| INVOKING Heroism.
 43888 | Depths:4 | 43888 ||| Stepping ~*~*~tactically~*~*~ (hiding).
 43891 | Depths:4 | 43891 ||| INVOKING Heroism.
 43914 | Depths:4 | 43914 ||| Stepping ~*~*~tactically~*~*~ (hiding).
 43930 | Depths:4 | Reached skill level 21 in Shields
 44095 | Depths:4 | 44095 ||| PLANNING VAULTS:5
 44095 | Depths:4 | 44095 ||| DROPPING +1 pair of gloves of dexterity.
 44096 | Depths:4 | 44096 ||| DROPPING +1 cloak.
 44367 | Vaults:5 | Entered Level 5 of the Vaults
 44380 | Vaults:5 | 44380 ||| INVOKING Heroism.
 44408 | Vaults:5 | Received a gift from Okawaru
 44420 | Vaults:5 | HP: 11/159 [vault warden/+0 bardiche (46)]
 44421 | Vaults:5 | 44421 ||| READING 2 scrolls of teleportation.
 44421 | Vaults:5 | HP: 4/159 [deep elf high priest/a malign offering (7)]
 44421 | Vaults:5 | Slain by a vault guard

Levels and vault maps discovered:
D:1:      lightli_arrival_chessboard, layout_basic
D:2:      layout_basic, basic_ecumenical_altar, minmay_tetromino_i4
D:3:      wad_crossroads, layout_basic, grunt_ministairs_3, hex_large,
          item_on_display_a, uniq_pargi
D:4:      layout_basic, tso_oasis_becter, minmay_temple_entry_large_hall
D:5:      layout_basic, mainiacjoe_overflow_tiny_flanked, kennysheep_mini
D:6:      layout_basic, minitemple, uniq_sigmund, uniq_maggie
D:7:      layout_cave_pods, chequers_temple_overflow_statue_of_worship,
          hellmonk_ghost_happy_afterlife, uniq_crazy_yiuf_cottage, uniq_joseph
D:8:      layout_gridville, kennysheep_mini_moat, serial_shops, shop,
          uniq_amaemon
D:9:      layout_loops_ring, serial_shops, shop, hangedman_decor_points,
          uniq_psyche
D:10:     minmay_the_grid_octo_tiled_squarecenter
          [minmay_the_grid_octo_checkered, minmay_the_grid_octo_odd_swirl,
          minmay_the_grid_octo_toaster, minmay_the_grid_octo_horde,
          minmay_the_grid_square_5x5_megaprize_hollow,
          minmay_the_grid_square_5x5_spiral, minmay_the_grid_square_5x5_inner_i,
          minmay_the_grid_square_5x5_misaligned,
          minmay_the_grid_square_5x5_n_small], layout_irregular_city,
          erik_lair_dragon, enter_bailey_2, hangedman_ranch
D:11:     nzn_winding_woodlands_three_and_one
          [nzn_winding_woodlands_5x15_river_crossing,
          nzn_winding_woodlands_5x15_sawtooth,
          nzn_winding_woodlands_5x15_zeroes,
          nzn_winding_woodlands_center_garden], layout_rooms
D:12:     layout_rooms, minmay_orc_entry_guard_dogs
D:13:     layout_roguey, skrybe_vaults_entry_preservation, nicolae_the_louvre
D:14:     layout_small_grid, minmay_misc_feat_doors, gammafunk_ghost_hive,
          serial_undead, serial_undead_a, serial_undead_f, serial_undead_f,
          serial_undead_c, serial_undead_e
D:15:     grunt_enter_depths_giant_problem, layout_loops_ring,
          minmay_misc_feat_alley, serial_shops, nicolae_shop_trees,
          nicolae_lava_and_water, led_sif_pool
Temple:   compressed_dpeg_circular_temple
Lair:1:   layout_cave_pods, infiniplex_staircase_pool, grunt_megastairs_5
Lair:2:   layout_layer_cave, minmay_swamp_entry_reptiles,
          dreamdust_mushroom_princess, serial_bayou_shore_b,
          infiniplex_staircase_pool_2
Lair:3:   layout_gridlike, guppyfry_snake_entry_garden, wad_woods_road_05,
          uniq_fannar
Lair:4:   layout_regular_city, nicolae_quartered_pool_super, grunt_megastairs_3
Lair:5:   grunt_lair_end_beastmaster, layout_hall_layers,
          minmay_slime_entry_jelly_boxes, gauntlet_entry_generic,
          serial_bayou_shore_b, grunt_megastairs_1, uniq_snorg, uniq_urug
Swamp:1:  layout_basic_swamp, serial_swamp_ruin, evilmike_swamp_ruin_house_2,
          hangedman_swamp_ruin_hall, evilmike_swamp_ruin_house_5
Swamp:2:  layout_basic_swamp, gammafunk_ghost_split, nicolae_swamp_godswood,
          uniq_aizul, uniq_jorgrun
Swamp:3:  layout_falls_marsh, evilmike_swamp_ruin_rubble_2, uniq_roxanne
Swamp:4:  swamp_alternative, layout_basic_swamp, swamp_pool1
Snake:1:  layout_onion_interference, grunt_megastairs_4
Snake:2:  layout_honeycomb, grunt_megastairs_2
Snake:3:  layout_misc_corridors, serial_bayou_shore_a, nicolae_triple_integral
Snake:4:  hellmonk_snake_rune_quicksilver_temple, layout_cave_pods,
          nicolae_coiled_stairwell_up, serial_bayou_shore_b, uniq_saint_roka
Orc:1:    layout_caves, uniq_gastronok
Orc:2:    grunt_orc_community_town_hall, layout_caves,
          grunt_orc_community_big_house_2, grunt_orc_community_big_house_1,
          grunt_orc_community_house_1, grunt_orc_community_house_3,
          grunt_orc_community_house_2, grunt_orc_community_house_3, basic_altar,
          nicolae_shop_overcharged_wands
Vaults:1: infiniplex_enter_wizlab_spiral, hangedman_vaults_locks,
          grunt_vaults_hallway_long, v_pattern_1, nicolae_vaults_trapezoid_3,
          ontoclasm_vaults_shuriken, nicolae_vaults_hexular_roomagon,
          nicolae_vaults_mini_display_case, nicolae_vaults_shelves_hall,
          ontoclasm_vaults_twist, nicolae_vaults_weapon_check,
          ontoclasm_vaults_fault, nicolae_vaults_diagonal_hallway_7,
          layout_vaults_big_room
Vaults:2: advil_vaults_ghost_lines, nicolae_vaults_little_squares_3, v_misc_29,
          nicolae_vaults_statue_guard, nicolae_vaults_heart-shaped_vault,
          nicolae_vaults_twisting_passages, nicolae_vaults_storage_closets_1,
          vaults_dpeg_encased_lava, v_misc_13, nicolae_vaults_tetromino_L_1,
          nicolae_vaults_trapezoid_2, nicolae_vaults_apartment_2,
          nicolae_vaults_double_plus_2, vaults_dpeg_ring,
          layout_vaults_quadrants, serial_shops, bzr_entry_dummy, shop,
          uniq_sojobo, uniq_frederick
Vaults:3: minmay_crypt_entry_simple_round, hangedman_vaults_corner,
          nicolae_vaults_swerve, nicolae_vaults_network_star,
          dpeg_vaults_monster_box, nicolae_vaults_offset_grid_hallway_3,
          nicolae_vaults_shipping_containers_4, v_misc_27,
          nicolae_vaults_storage_closets_3, ontoclasm_vaults_idyll,
          hangedman_vaults_stagger, ontoclasm_vaults_decontamination,
          layout_vaults_ring
Vaults:4: v_rooms_5, nicolae_vaults_steering_wheel, hangedman_vaults_stitches,
          ontoclasm_vaults_misaligned, v_pattern_2, vaults_room_large_hall,
          hangedman_vaults_snaps, nicolae_vaults_network_quinsquares
          [nicolae_vaults_network_quincunx_subvault,
          nicolae_vaults_network_quincunx_subvault,
          nicolae_vaults_network_quincunx_subvault,
          nicolae_vaults_network_quincunx_subvault],
          hangedman_vaults_corner_blocks, ontoclasm_vaults_water_temple,
          ontoclasm_vaults_ligature, nicolae_vaults_variable_pillar_hall,
          vaults_mumra_chevron_long, nicolae_vaults_apartment_1,
          layout_vaults_maze_bifur
Vaults:5: serial_shops, uniq_jory
Depths:1: layout_gridlike, nicolae_trove_entry_isolated, xom_teletrap_fun,
          hell_entry, kennysheep_four_rooms, kennysheep_random_hallway,
          minmay_shop_grove
Depths:2: evilmike_horseshoe, layout_cave_pools, pan_entry, grunt_metal_band,
          nicolae_wu_jian_glorious_leap, minmay_staircase_bubble
Depths:3: minmay_concentric_multi, layout_cave_pools, pf_coc_iceberg,
          infiniplex_staircase_zigzag_3, abyss_entry_glasseish
Depths:4: grunt_zot_entry_pinwheel, layout_cross, enter_ziggurat_a,
          hangedman_glass_teeth, hell_entry, grunt_gozag_statues,
          minmay_shop_star

Skill      XL: |  1  2  3  4  5  6  7  8  9 10 11 12 13 14 15 16 17 18 19 20 21 22 23 |
---------------+----------------------------------------------------------------------+-----
Axes           | 2 3 5 6 7 9 10 11 12 14 15 16 | 16.2
Armour         | 4 5 7 8 9 10 12 13 14 16 17 18 19 21 22 | 22.0
Fighting       | 4 5 6 7 8 10 12 13 14 15 16 18 19 20 | 20.8
Dodging        | 1 2 3 4 6 7 8 9 |  9.0
Invocations    | 3 4 7 10 | 10.0
Throwing       | 1 2 3 4 5 6 8 9 10 11 | 11.0
Shields        | 4 5 6 7 8 9 14 16 18 19 20 21 | 21.0

Action                     |  1- 3 |  4- 6 |  7- 9 | 10-12 | 13-15 | 16-18 | 19-21 | 22-24 || total
---------------------------+-------+-------+-------+-------+-------+-------+-------+-------++-------
  Melee: War axe           |   126 |   142 |   176 |   245 |   289 |  1558 |  1201 |  1210 ||  4947
         Broad axe         |       |       |       |   187 |   570 |    20 |       |       ||   777
  Throw: Boomerang         |     6 |    84 |    24 |    83 |    69 |    42 |    57 |     1 ||   366
         Javelin           |       |       |    37 |    44 |   106 |   124 |    96 |    51 ||   458
 Invoke: Heroism           |       |       |    10 |    18 |    28 |    32 |    13 |    20 ||   121
         Finesse           |       |       |       |       |     9 |     5 |     9 |    10 ||    33
    Use: Scroll            |     1 |     4 |     5 |     9 |     9 |     2 |     1 |    10 ||    41
         Potion            |     1 |     2 |     3 |     2 |     1 |       |     1 |       ||    10
   Stab: Distracted        |       |       |       |       |       |     2 |       |       ||     2
         Confused          |       |       |       |       |       |       |       |     1 ||     1
 Armour: Scale mail        |    56 |    19 |       |       |       |       |       |       ||    75
         Crystal plate arm |       |   113 |   195 |   390 |   598 |   605 |   391 |   505 ||  2797
  Dodge: Dodged            |    63 |    31 |    49 |   132 |   238 |   604 |   408 |   473 ||  1998
         Repelled          |       |       |       |     3 |     6 |    40 |    18 |    22 ||    89
  Block: Buckler           |    23 |    30 |    53 |   127 |   180 |   167 |       |       ||   580
         Kite shield       |       |       |       |       |       |   353 |       |       ||   353
         Tower shield      |       |       |       |       |       |   170 |   875 |  1025 ||  2070

Table legend:
 A = Non-vault XP
 B = Vault XP
 C = Vault XP percentage of total XP
 D = Non-vault monster count
 E = Vault monster count
 F = Vault count percentage of total count
                 A         B        C        D         E       F
            +---------+---------+-------+---------+---------+-------
      Total |  423006 |  302678 |  41.7 |    1008 |     503 |  33.3
            +---------+---------+-------+---------+---------+-------
        D:1 |      49 |       0 |   0.0 |      30 |       0 |   0.0
        D:2 |      65 |      11 |  14.5 |      14 |       4 |  22.2
        D:3 |      38 |     145 |  79.2 |      16 |       7 |  30.4
        D:4 |     448 |       0 |   0.0 |      29 |       0 |   0.0
        D:5 |     515 |       0 |   0.0 |      19 |       0 |   0.0
        D:6 |    1232 |     582 |  32.1 |      18 |       2 |  10.0
        D:7 |     871 |     486 |  35.8 |      13 |       1 |   7.1
        D:8 |    2758 |    1198 |  30.3 |      40 |       2 |   4.8
        D:9 |    2562 |     383 |  13.0 |      22 |       1 |   4.3
       D:10 |    2600 |    7389 |  74.0 |      12 |      30 |  71.4
       D:11 |    4075 |    8566 |  67.8 |      14 |      21 |  60.0
       D:12 |    6977 |     650 |   8.5 |      20 |       4 |  16.7
       D:13 |    7846 |    5313 |  40.4 |      16 |       9 |  36.0
       D:14 |   16978 |    8725 |  33.9 |      36 |      18 |  33.3
       D:15 |    4572 |    1104 |  19.5 |       9 |       1 |  10.0
     Lair:1 |    3743 |    1131 |  23.2 |      14 |       6 |  30.0
     Lair:2 |    9684 |     608 |   5.9 |      26 |       4 |  13.3
     Lair:3 |    7006 |    1189 |  14.5 |      21 |       3 |  12.5
     Lair:4 |    7025 |     680 |   8.8 |      17 |       4 |  19.0
     Lair:5 |    9984 |   13162 |  56.9 |      35 |      39 |  52.7
    Swamp:1 |   15090 |       0 |   0.0 |      28 |       0 |   0.0
    Swamp:2 |   14031 |    3091 |  18.1 |      27 |       2 |   6.9
    Swamp:3 |   13269 |    1356 |   9.3 |      28 |       1 |   3.4
    Swamp:4 |   13592 |   17336 |  56.1 |      25 |      26 |  51.0
    Snake:1 |    7792 |    1282 |  14.1 |      18 |       2 |  10.0
    Snake:2 |   14220 |    3700 |  20.6 |      25 |       7 |  21.9
    Snake:3 |   26839 |       0 |   0.0 |      55 |       0 |   0.0
    Snake:4 |   11820 |   23201 |  66.2 |      25 |      35 |  58.3
      Orc:1 |    5155 |    1544 |  23.0 |      46 |       1 |   2.1
      Orc:2 |    2442 |    5762 |  70.2 |      35 |      62 |  63.9
   Vaults:1 |   36107 |    6941 |  16.1 |      50 |      10 |  16.7
   Vaults:2 |   21778 |   19935 |  47.8 |      34 |      17 |  33.3
   Vaults:3 |   24973 |   31134 |  55.5 |      37 |      40 |  51.9
   Vaults:4 |   22920 |   16048 |  41.2 |      27 |      27 |  50.0
   Vaults:5 |    6850 |   19281 |  73.8 |      10 |      23 |  69.7
   Depths:1 |   16703 |   11186 |  40.1 |      22 |      11 |  33.3
   Depths:2 |   10293 |   17466 |  62.9 |      17 |      16 |  48.5
   Depths:3 |   41776 |   27925 |  40.1 |      43 |      22 |  33.8
   Depths:4 |   27760 |   17404 |  38.5 |      33 |      16 |  32.7
     WizLab |     568 |   26764 |  97.9 |       2 |      29 |  93.5
            +---------+---------+-------+---------+---------+-------
